Workbook
Name NJPW_Wrestle_Kingdom_XI: 'Attendance Stats'!#REF!
Name NJPW_Wrestle_Kingdom_XI: #REF!
Name Slicer_Promotion: #N/A
Name Slicer_Show_Name: #N/A

Sheet Star Ratings (TOP 500)
A1: WRESTLING OBSERVER NEWSLETTER STAR RATINGS (TOP 500)
A2: ID | B2: Star Rating | C2: Date | D2: Year | E2: Winner(s) | F2: Loser(s) | G2: Promotion | H2: Championship | I2: Show Name
A3: ="ID" & (ROW(A3)-2) -> ID1 | B3: 7 | C3: June 9th | D3: 2018 | E3: Kenny Omega | F3: Kazuchika Okada | G3: =LOOKUP(I3,{"1PW";"AAA";"AEW";"AEW/NJPW";"AJPW";"AJW";"BJW";"CMLL";"CWF";"Dragon Gate";"ECW";"JTO";"JWP";"Michinoku Pro";"NEW";"NJPW";"NJPW/RevPro";"OTT";"NXT";"NOAH";"NWA";"PWG";"RevPro";"ROH";"SMW";"ROH/NJPW";"STARDOM";"TNA";"UWF";"WCW";"WCW/AAA";"West Coast";"Wrestlecon";"WWE";"WWF";"WWW"},{"1PW";"AAA";"AEW";"AEW/NJPW";"AJPW";"AJW";"BJW";"CMLL";"CWF";"Dragon Gate";"ECW";"JTO";"JWP";"Michinoku Pro";"NEW";"NJPW";"NJPW/RevPro";"OTT";"NXT";"NOAH";"NWA";"PWG";"RevPro";"ROH";"SMW";"ROH/NJPW";"STARDOM";"TNA";"UWF";"WCW";"WCW/AAA";"West Coast";"Wrestlecon";"WWE";"WWF";"WWW"}) -> NJPW | H3: IWGP Heavyweight Title | I3: NJPW Dominion 6.9 In Osaka-Jo Hall
A4: ="ID" & (ROW(A4)-2) -> ID2 | B4: 6.25 | C4: June 11th | D4: 2017 | E4: Kazuchika Okada | F4: Kenny Omega | G4: =LOOKUP(I4,{"1PW";"AAA";"AEW";"AEW/NJPW";"AJPW";"AJW";"BJW";"CMLL";"CWF";"Dragon Gate";"ECW";"JTO";"JWP";"Michinoku Pro";"NEW";"NJPW";"NJPW/RevPro";"OTT";"NXT";"NOAH";"NWA";"PWG";"RevPro";"ROH";"SMW";"ROH/NJPW";"STARDOM";"TNA";"UWF";"WCW";"WCW/AAA";"West Coast";"Wrestlecon";"WWE";"WWF";"WWW"},{"1PW";"AAA";"AEW";"AEW/NJPW";"AJPW";"AJW";"BJW";"CMLL";"CWF";"Dragon Gate";"ECW";"JTO";"JWP";"Michinoku Pro";"NEW";"NJPW";"NJPW/RevPro";"OTT";"NXT";"NOAH";"NWA";"PWG";"RevPro";"ROH";"SMW";"ROH/NJPW";"STARDOM";"TNA";"UWF";"WCW";"WCW/AAA";"West Coast";"Wrestlecon";"WWE";"WWF";"WWW"}) -> NJPW | H4: IWGP Heavyweight Title | I4: NJPW Dominion 6.11
A5: ="ID" & (ROW(A5)-2) -> ID3 | B5: 6.25 | C5: January 4th | D5: 2023 | E5: Kenny Omega | F5: Will Ospreay | G5: =LOOKUP(I5,{"1PW";"AAA";"AEW";"AEW/NJPW";"AJPW";"AJW";"BJW";"CMLL";"CWF";"Dragon Gate";"ECW";"JTO";"JWP";"Michinoku Pro";"NEW";"NJPW";"NJPW/RevPro";"OTT";"NXT";"NOAH";"NWA";"PWG";"RevPro";"ROH";"SMW";"ROH/NJPW";"STARDOM";"TNA";"UWF";"WCW";"WCW/AAA";"West Coast";"Wrestlecon";"WWE";"WWF";"WWW"},{"1PW";"AAA";"AEW";"AEW/NJPW";"AJPW";"AJW";"BJW";"CMLL";"CWF";"Dragon Gate";"ECW";"JTO";"JWP";"Michinoku Pro";"NEW";"NJPW";"NJPW/RevPro";"OTT";"NXT";"NOAH";"NWA";"PWG";"RevPro";"ROH";"SMW";"ROH/NJPW";"STARDOM";"TNA";"UWF";"WCW";"WCW/AAA";"West Coast";"Wrestlecon";"WWE";"WWF";"WWW"}) -> NJPW | H5: IWGP United States Heavyweight Title | I5: NJPW Wrestle Kingdom 17
A6: ="ID" & (ROW(A6)-2) -> ID4 | B6: 6 | C6: Feburary 29th | D6: 2020 | E6: Adam Page, Kenny Omega | F6: Matt Jackson, Nick Jackson | G6: =LOOKUP(I6,{"1PW";"AAA";"AEW";"AEW/NJPW";"AJPW";"AJW";"BJW";"CMLL";"CWF";"Dragon Gate";"ECW";"JTO";"JWP";"Michinoku Pro";"NEW";"NJPW";"NJPW/RevPro";"OTT";"NXT";"NOAH";"NWA";"PWG";"RevPro";"ROH";"SMW";"ROH/NJPW";"STARDOM";"TNA";"UWF";"WCW";"WCW/AAA";"West Coast";"Wrestlecon";"WWE";"WWF";"WWW"},{"1PW";"AAA";"AEW";"AEW/NJPW";"AJPW";"AJW";"BJW";"CMLL";"CWF";"Dragon Gate";"ECW";"JTO";"JWP";"Michinoku Pro";"NEW";"NJPW";"NJPW/RevPro";"OTT";"NXT";"NOAH";"NWA";"PWG";"RevPro";"ROH";"SMW";"ROH/NJPW";"STARDOM";"TNA";"UWF";"WCW";"WCW/AAA";"West Coast";"Wrestlecon";"WWE";"WWF";"WWW"}) -> AEW | H6: AEW Tag Team Title | I6: AEW Revolution
A7: ="ID" & (ROW(A7)-2) -> ID5 | B7: 6 | C7: June 25th | D7: 2023 | E7: Will Ospreay | F7: Kenny Omega | G7: =LOOKUP(I7,{"1PW";"AAA";"AEW";"AEW/NJPW";"AJPW";"AJW";"BJW";"CMLL";"CWF";"Dragon Gate";"ECW";"JTO";"JWP";"Michinoku Pro";"NEW";"NJPW";"NJPW/RevPro";"OTT";"NXT";"NOAH";"NWA";"PWG";"RevPro";"ROH";"SMW";"ROH/NJPW";"STARDOM";"TNA";"UWF";"WCW";"WCW/AAA";"West Coast";"Wrestlecon";"WWE";"WWF";"WWW"},{"1PW";"AAA";"AEW";"AEW/NJPW";"AJPW";"AJW";"BJW";"CMLL";"CWF";"Dragon Gate";"ECW";"JTO";"JWP";"Michinoku Pro";"NEW";"NJPW";"NJPW/RevPro";"OTT";"NXT";"NOAH";"NWA";"PWG";"RevPro";"ROH";"SMW";"ROH/NJPW";"STARDOM";"TNA";"UWF";"WCW";"WCW/AAA";"West Coast";"Wrestlecon";"WWE";"WWF";"WWW"}) -> AEW/NJPW | H7: IWGP United States Heavyweight Title | I7: AEW/NJPW Forbidden Door 2023
A8: ="ID" & (ROW(A8)-2) -> ID6 | B8: 6 | C8: August 12th | D8: 2017 | E8: Kenny Omega | F8: Kazuchika Okada | G8: =LOOKUP(I8,{"1PW";"AAA";"AEW";"AEW/NJPW";"AJPW";"AJW";"BJW";"CMLL";"CWF";"Dragon Gate";"ECW";"JTO";"JWP";"Michinoku Pro";"NEW";"NJPW";"NJPW/RevPro";"OTT";"NXT";"NOAH";"NWA";"PWG";"RevPro";"ROH";"SMW";"ROH/NJPW";"STARDOM";"TNA";"UWF";"WCW";"WCW/AAA";"West Coast";"Wrestlecon";"WWE";"WWF";"WWW"},{"1PW";"AAA";"AEW";"AEW/NJPW";"AJPW";"AJW";"BJW";"CMLL";"CWF";"Dragon Gate";"ECW";"JTO";"JWP";"Michinoku Pro";"NEW";"NJPW";"NJPW/RevPro";"OTT";"NXT";"NOAH";"NWA";"PWG";"RevPro";"ROH";"SMW";"ROH/NJPW";"STARDOM";"TNA";"UWF";"WCW";"WCW/AAA";"West Coast";"Wrestlecon";"WWE";"WWF";"WWW"}) -> NJPW | I8: NJPW G1 Climax 2017 - Day 18
A9: ="ID" & (ROW(A9)-2) -> ID7 | B9: 6 | C9: August 12th | D9: 2017 | E9: Tetsuya Naito | F9: Will Ospreay | G9: =LOOKUP(I9,{"1PW";"AAA";"AEW";"AEW/NJPW";"AJPW";"AJW";"BJW";"CMLL";"CWF";"Dragon Gate";"ECW";"JTO";"JWP";"Michinoku Pro";"NEW";"NJPW";"NJPW/RevPro";"OTT";"NXT";"NOAH";"NWA";"PWG";"RevPro";"ROH";"SMW";"ROH/NJPW";"STARDOM";"TNA";"UWF";"WCW";"WCW/AAA";"West Coast";"Wrestlecon";"WWE";"WWF";"WWW"},{"1PW";"AAA";"AEW";"AEW/NJPW";"AJPW";"AJW";"BJW";"CMLL";"CWF";"Dragon Gate";"ECW";"JTO";"JWP";"Michinoku Pro";"NEW";"NJPW";"NJPW/RevPro";"OTT";"NXT";"NOAH";"NWA";"PWG";"RevPro";"ROH";"SMW";"ROH/NJPW";"STARDOM";"TNA";"UWF";"WCW";"WCW/AAA";"West Coast";"Wrestlecon";"WWE";"WWF";"WWW"}) -> NJPW | I9: NJPW G1 Climax 2023 - Day 18
A10: ="ID" & (ROW(A10)-2) -> ID8 | B10: 6 | C10: January 4th | D10: 2017 | E10: Kazuchika Okada | F10: Kenny Omega | G10: =LOOKUP(I10,{"1PW";"AAA";"AEW";"AEW/NJPW";"AJPW";"AJW";"BJW";"CMLL";"CWF";"Dragon Gate";"ECW";"JTO";"JWP";"Michinoku Pro";"NEW";"NJPW";"NJPW/RevPro";"OTT";"NXT";"NOAH";"NWA";"PWG";"RevPro";"ROH";"SMW";"ROH/NJPW";"STARDOM";"TNA";"UWF";"WCW";"WCW/AAA";"West Coast";"Wrestlecon";"WWE";"WWF";"WWW"},{"1PW";"AAA";"AEW";"AEW/NJPW";"AJPW";"AJW";"BJW";"CMLL";"CWF";"Dragon Gate";"ECW";"JTO";"JWP";"Michinoku Pro";"NEW";"NJPW";"NJPW/RevPro";"OTT";"NXT";"NOAH";"NWA";"PWG";"RevPro";"ROH";"SMW";"ROH/NJPW";"STARDOM";"TNA";"UWF";"WCW";"WCW/AAA";"West Coast";"Wrestlecon";"WWE";"WWF";"WWW"}) -> NJPW | H10: IWGP Heavyweight Title | I10: NJPW Wrestle Kingdom XI
A11: ="ID" & (ROW(A11)-2) -> ID9 | B11: 6 | C11: May 4th | D11: 2021 | E11: Will Ospreay | F11: Shingo Takagi | G11: =LOOKUP(I11,{"1PW";"AAA";"AEW";"AEW/NJPW";"AJPW";"AJW";"BJW";"CMLL";"CWF";"Dragon Gate";"ECW";"JTO";"JWP";"Michinoku Pro";"NEW";"NJPW";"NJPW/RevPro";"OTT";"NXT";"NOAH";"NWA";"PWG";"RevPro";"ROH";"SMW";"ROH/NJPW";"STARDOM";"TNA";"UWF";"WCW";"WCW/AAA";"West Coast";"Wrestlecon";"WWE";"WWF";"WWW"},{"1PW";"AAA";"AEW";"AEW/NJPW";"AJPW";"AJW";"BJW";"CMLL";"CWF";"Dragon Gate";"ECW";"JTO";"JWP";"Michinoku Pro";"NEW";"NJPW";"NJPW/RevPro";"OTT";"NXT";"NOAH";"NWA";"PWG";"RevPro";"ROH";"SMW";"ROH/NJPW";"STARDOM";"TNA";"UWF";"WCW";"WCW/AAA";"West Coast";"Wrestlecon";"WWE";"WWF";"WWW"}) -> NJPW | H11: IWGP Heavyweight Title | I11: NJPW Wrestling Dontaku 2021 - Day 2
A12: ="ID" & (ROW(A12)-2) -> ID10 | B12: 6 | C12: March 18th | D12: 1989 | E12: Ricky Steamboat | F12: Ric Flair | G12: WCW | H12: NWA World Heavyweight Title | I12: NWA Landover Show (March '89)
A13: ="ID" & (ROW(A13)-2) -> ID11 | B13: 5.75 | C13: September 5th | D13: 2021 | E13: Penta El Zero Miedo, Rey Fenix | F13: Matt Jackson, Nick Jackson | G13: =LOOKUP(I13,{"1PW";"AAA";"AEW";"AEW/NJPW";"AJPW";"AJW";"BJW";"CMLL";"CWF";"Dragon Gate";"ECW";"JTO";"JWP";"Michinoku Pro";"NEW";"NJPW";"NJPW/RevPro";"OTT";"NXT";"NOAH";"NWA";"PWG";"RevPro";"ROH";"SMW";"ROH/NJPW";"STARDOM";"TNA";"UWF";"WCW";"WCW/AAA";"West Coast";"Wrestlecon";"WWE";"WWF";"WWW"},{"1PW";"AAA";"AEW";"AEW/NJPW";"AJPW";"AJW";"BJW";"CMLL";"CWF";"Dragon Gate";"ECW";"JTO";"JWP";"Michinoku Pro";"NEW";"NJPW";"NJPW/RevPro";"OTT";"NXT";"NOAH";"NWA";"PWG";"RevPro";"ROH";"SMW";"ROH/NJPW";"STARDOM";"TNA";"UWF";"WCW";"WCW/AAA";"West Coast";"Wrestlecon";"WWE";"WWF";"WWW"}) -> AEW | H13: AEW World Tag Team Title | I13: AEW All Out 2021
A14: ="ID" & (ROW(A14)-2) -> ID12 | B14: 5.75 | C14: March 5th | D14: 2023 | E14: MJF | F14: Bryan Danielson | G14: =LOOKUP(I14,{"1PW";"AAA";"AEW";"AEW/NJPW";"AJPW";"AJW";"BJW";"CMLL";"CWF";"Dragon Gate";"ECW";"JTO";"JWP";"Michinoku Pro";"NEW";"NJPW";"NJPW/RevPro";"OTT";"NXT";"NOAH";"NWA";"PWG";"RevPro";"ROH";"SMW";"ROH/NJPW";"STARDOM";"TNA";"UWF";"WCW";"WCW/AAA";"West Coast";"Wrestlecon";"WWE";"WWF";"WWW"},{"1PW";"AAA";"AEW";"AEW/NJPW";"AJPW";"AJW";"BJW";"CMLL";"CWF";"Dragon Gate";"ECW";"JTO";"JWP";"Michinoku Pro";"NEW";"NJPW";"NJPW/RevPro";"OTT";"NXT";"NOAH";"NWA";"PWG";"RevPro";"ROH";"SMW";"ROH/NJPW";"STARDOM";"TNA";"UWF";"WCW";"WCW/AAA";"West Coast";"Wrestlecon";"WWE";"WWF";"WWW"}) -> AEW | H14: AEW World Heavyweight Title | I14: AEW Revolution 2023
A15: ="ID" & (ROW(A15)-2) -> ID13 | B15: 5.75 | C15: June 5th | D15: 2019 | E15: Will Ospreay | F15: Shingo Takagi | G15: =LOOKUP(I15,{"1PW";"AAA";"AEW";"AEW/NJPW";"AJPW";"AJW";"BJW";"CMLL";"CWF";"Dragon Gate";"ECW";"JTO";"JWP";"Michinoku Pro";"NEW";"NJPW";"NJPW/RevPro";"OTT";"NXT";"NOAH";"NWA";"PWG";"RevPro";"ROH";"SMW";"ROH/NJPW";"STARDOM";"TNA";"UWF";"WCW";"WCW/AAA";"West Coast";"Wrestlecon";"WWE";"WWF";"WWW"},{"1PW";"AAA";"AEW";"AEW/NJPW";"AJPW";"AJW";"BJW";"CMLL";"CWF";"Dragon Gate";"ECW";"JTO";"JWP";"Michinoku Pro";"NEW";"NJPW";"NJPW/RevPro";"OTT";"NXT";"NOAH";"NWA";"PWG";"RevPro";"ROH";"SMW";"ROH/NJPW";"STARDOM";"TNA";"UWF";"WCW";"WCW/AAA";"West Coast";"Wrestlecon";"WWE";"WWF";"WWW"}) -> NJPW | I15: NJPW Best of the Super Juinors XXVI - Day 15
A16: ="ID" & (ROW(A16)-2) -> ID14 | B16: 5.75 | C16: August 13th | D16: 2017 | E16: Tetsuya Naito | F16: Kenny Omega | G16: =LOOKUP(I16,{"1PW";"AAA";"AEW";"AEW/NJPW";"AJPW";"AJW";"BJW";"CMLL";"CWF";"Dragon Gate";"ECW";"JTO";"JWP";"Michinoku Pro";"NEW";"NJPW";"NJPW/RevPro";"OTT";"NXT";"NOAH";"NWA";"PWG";"RevPro";"ROH";"SMW";"ROH/NJPW";"STARDOM";"TNA";"UWF";"WCW";"WCW/AAA";"West Coast";"Wrestlecon";"WWE";"WWF";"WWW"},{"1PW";"AAA";"AEW";"AEW/NJPW";"AJPW";"AJW";"BJW";"CMLL";"CWF";"Dragon Gate";"ECW";"JTO";"JWP";"Michinoku Pro";"NEW";"NJPW";"NJPW/RevPro";"OTT";"NXT";"NOAH";"NWA";"PWG";"RevPro";"ROH";"SMW";"ROH/NJPW";"STARDOM";"TNA";"UWF";"WCW";"WCW/AAA";"West Coast";"Wrestlecon";"WWE";"WWF";"WWW"}) -> NJPW | I16: NJPW G1 Climax 2017 - Day 19
A17: ="ID" & (ROW(A17)-2) -> ID15 | B17: 5.75 | C17: August 12th | D17: 2018 | E17: Hiroshi Tanahashi | F17: Kota Ibushi | G17: =LOOKUP(I17,{"1PW";"AAA";"AEW";"AEW/NJPW";"AJPW";"AJW";"BJW";"CMLL";"CWF";"Dragon Gate";"ECW";"JTO";"JWP";"Michinoku Pro";"NEW";"NJPW";"NJPW/RevPro";"OTT";"NXT";"NOAH";"NWA";"PWG";"RevPro";"ROH";"SMW";"ROH/NJPW";"STARDOM";"TNA";"UWF";"WCW";"WCW/AAA";"West Coast";"Wrestlecon";"WWE";"WWF";"WWW"},{"1PW";"AAA";"AEW";"AEW/NJPW";"AJPW";"AJW";"BJW";"CMLL";"CWF";"Dragon Gate";"ECW";"JTO";"JWP";"Michinoku Pro";"NEW";"NJPW";"NJPW/RevPro";"OTT";"NXT";"NOAH";"NWA";"PWG";"RevPro";"ROH";"SMW";"ROH/NJPW";"STARDOM";"TNA";"UWF";"WCW";"WCW/AAA";"West Coast";"Wrestlecon";"WWE";"WWF";"WWW"}) -> NJPW | I17: NJPW G1 Climax 2018 - Day 19
A18: ="ID" & (ROW(A18)-2) -> ID16 | B18: 5.75 | C18: July 20th | D18: 2019 | E18: Kazuchika Okada | F18: Will Ospreay | G18: =LOOKUP(I18,{"1PW";"AAA";"AEW";"AEW/NJPW";"AJPW";"AJW";"BJW";"CMLL";"CWF";"Dragon Gate";"ECW";"JTO";"JWP";"Michinoku Pro";"NEW";"NJPW";"NJPW/RevPro";"OTT";"NXT";"NOAH";"NWA";"PWG";"RevPro";"ROH";"SMW";"ROH/NJPW";"STARDOM";"TNA";"UWF";"WCW";"WCW/AAA";"West Coast";"Wrestlecon";"WWE";"WWF";"WWW"},{"1PW";"AAA";"AEW";"AEW/NJPW";"AJPW";"AJW";"BJW";"CMLL";"CWF";"Dragon Gate";"ECW";"JTO";"JWP";"Michinoku Pro";"NEW";"NJPW";"NJPW/RevPro";"OTT";"NXT";"NOAH";"NWA";"PWG";"RevPro";"ROH";"SMW";"ROH/NJPW";"STARDOM";"TNA";"UWF";"WCW";"WCW/AAA";"West Coast";"Wrestlecon";"WWE";"WWF";"WWW"}) -> NJPW | I18: NJPW G1 Climax 2019 - Day 7
A19: ="ID" & (ROW(A19)-2) -> ID17 | B19: 5.75 | C19: August 18th | D19: 2022 | E19: Kazuchika Okada | F19: Will Ospreay | G19: =LOOKUP(I19,{"1PW";"AAA";"AEW";"AEW/NJPW";"AJPW";"AJW";"BJW";"CMLL";"CWF";"Dragon Gate";"ECW";"JTO";"JWP";"Michinoku Pro";"NEW";"NJPW";"NJPW/RevPro";"OTT";"NXT";"NOAH";"NWA";"PWG";"RevPro";"ROH";"SMW";"ROH/NJPW";"STARDOM";"TNA";"UWF";"WCW";"WCW/AAA";"West Coast";"Wrestlecon";"WWE";"WWF";"WWW"},{"1PW";"AAA";"AEW";"AEW/NJPW";"AJPW";"AJW";"BJW";"CMLL";"CWF";"Dragon Gate";"ECW";"JTO";"JWP";"Michinoku Pro";"NEW";"NJPW";"NJPW/RevPro";"OTT";"NXT";"NOAH";"NWA";"PWG";"RevPro";"ROH";"SMW";"ROH/NJPW";"STARDOM";"TNA";"UWF";"WCW";"WCW/AAA";"West Coast";"Wrestlecon";"WWE";"WWF";"WWW"}) -> NJPW | I19: NJPW G1 Climax 2022 - Day 20
A20: ="ID" & (ROW(A20)-2) -> ID18 | B20: 5.75 | C20: January 4th | D20: 2020 | E20: Kazuchika Okada | F20: Kota Ibushi | G20: =LOOKUP(I20,{"1PW";"AAA";"AEW";"AEW/NJPW";"AJPW";"AJW";"BJW";"CMLL";"CWF";"Dragon Gate";"ECW";"JTO";"JWP";"Michinoku Pro";"NEW";"NJPW";"NJPW/RevPro";"OTT";"NXT";"NOAH";"NWA";"PWG";"RevPro";"ROH";"SMW";"ROH/NJPW";"STARDOM";"TNA";"UWF";"WCW";"WCW/AAA";"West Coast";"Wrestlecon";"WWE";"WWF";"WWW"},{"1PW";"AAA";"AEW";"AEW/NJPW";"AJPW";"AJW";"BJW";"CMLL";"CWF";"Dragon Gate";"ECW";"JTO";"JWP";"Michinoku Pro";"NEW";"NJPW";"NJPW/RevPro";"OTT";"NXT";"NOAH";"NWA";"PWG";"RevPro";"ROH";"SMW";"ROH/NJPW";"STARDOM";"TNA";"UWF";"WCW";"WCW/AAA";"West Coast";"Wrestlecon";"WWE";"WWF";"WWW"}) -> NJPW | H20: IWGP Heavyweight Title | I20: NJPW Wrestle Kingdom 14 - Day 1
A21: ="ID" & (ROW(A21)-2) -> ID19 | B21: 5.75 | C21: January 5th | D21: 2022 | E21: Kazuchika Okada | F21: Will Ospreay | G21: =LOOKUP(I21,{"1PW";"AAA";"AEW";"AEW/NJPW";"AJPW";"AJW";"BJW";"CMLL";"CWF";"Dragon Gate";"ECW";"JTO";"JWP";"Michinoku Pro";"NEW";"NJPW";"NJPW/RevPro";"OTT";"NXT";"NOAH";"NWA";"PWG";"RevPro";"ROH";"SMW";"ROH/NJPW";"STARDOM";"TNA";"UWF";"WCW";"WCW/AAA";"West Coast";"Wrestlecon";"WWE";"WWF";"WWW"},{"1PW";"AAA";"AEW";"AEW/NJPW";"AJPW";"AJW";"BJW";"CMLL";"CWF";"Dragon Gate";"ECW";"JTO";"JWP";"Michinoku Pro";"NEW";"NJPW";"NJPW/RevPro";"OTT";"NXT";"NOAH";"NWA";"PWG";"RevPro";"ROH";"SMW";"ROH/NJPW";"STARDOM";"TNA";"UWF";"WCW";"WCW/AAA";"West Coast";"Wrestlecon";"WWE";"WWF";"WWW"}) -> NJPW | H21: IWGP Heavyweight Title | I21: NJPW Wrestle Kingdom 16 - Day 2
A22: ="ID" & (ROW(A22)-2) -> ID20 | B22: 5.75 | C22: January 4th | D22: 2019 | E22: Hiroshi Tanahashi | F22: Kenny Omega | G22: =LOOKUP(I22,{"1PW";"AAA";"AEW";"AEW/NJPW";"AJPW";"AJW";"BJW";"CMLL";"CWF";"Dragon Gate";"ECW";"JTO";"JWP";"Michinoku Pro";"NEW";"NJPW";"NJPW/RevPro";"OTT";"NXT";"NOAH";"NWA";"PWG";"RevPro";"ROH";"SMW";"ROH/NJPW";"STARDOM";"TNA";"UWF";"WCW";"WCW/AAA";"West Coast";"Wrestlecon";"WWE";"WWF";"WWW"},{"1PW";"AAA";"AEW";"AEW/NJPW";"AJPW";"AJW";"BJW";"CMLL";"CWF";"Dragon Gate";"ECW";"JTO";"JWP";"Michinoku Pro";"NEW";"NJPW";"NJPW/RevPro";"OTT";"NXT";"NOAH";"NWA";"PWG";"RevPro";"ROH";"SMW";"ROH/NJPW";"STARDOM";"TNA";"UWF";"WCW";"WCW/AAA";"West Coast";"Wrestlecon";"WWE";"WWF";"WWW"}) -> NJPW | H22: IWGP Heavyweight Title | I22: NJPW WrestleKingdom 13
A23: ="ID" & (ROW(A23)-2) -> ID21 | B23: 5.5 | C23: November 13th | D23: 2021 | E23: Adam Page | F23: Kenny Omega | G23: =LOOKUP(I23,{"1PW";"AAA";"AEW";"AEW/NJPW";"AJPW";"AJW";"BJW";"CMLL";"CWF";"Dragon Gate";"ECW";"JTO";"JWP";"Michinoku Pro";"NEW";"NJPW";"NJPW/RevPro";"OTT";"NXT";"NOAH";"NWA";"PWG";"RevPro";"ROH";"SMW";"ROH/NJPW";"STARDOM";"TNA";"UWF";"WCW";"WCW/AAA";"West Coast";"Wrestlecon";"WWE";"WWF";"WWW"},{"1PW";"AAA";"AEW";"AEW/NJPW";"AJPW";"AJW";"BJW";"CMLL";"CWF";"Dragon Gate";"ECW";"JTO";"JWP";"Michinoku Pro";"NEW";"NJPW";"NJPW/RevPro";"OTT";"NXT";"NOAH";"NWA";"PWG";"RevPro";"ROH";"SMW";"ROH/NJPW";"STARDOM";"TNA";"UWF";"WCW";"WCW/AAA";"West Coast";"Wrestlecon";"WWE";"WWF";"WWW"}) -> AEW | H23: AEW World Heavyweight Title | I23: AEW Full Gear 2021
A24: ="ID" & (ROW(A24)-2) -> ID22 | B24: 5.5 | C24: October 1st | D24: 2023 | E24: Bryan Danielson | F24: Zack Sabre Jr. | G24: =LOOKUP(I24,{"1PW";"AAA";"AEW";"AEW/NJPW";"AJPW";"AJW";"BJW";"CMLL";"CWF";"Dragon Gate";"ECW";"JTO";"JWP";"Michinoku Pro";"NEW";"NJPW";"NJPW/RevPro";"OTT";"NXT";"NOAH";"NWA";"PWG";"RevPro";"ROH";"SMW";"ROH/NJPW";"STARDOM";"TNA";"UWF";"WCW";"WCW/AAA";"West Coast";"Wrestlecon";"WWE";"WWF";"WWW"},{"1PW";"AAA";"AEW";"AEW/NJPW";"AJPW";"AJW";"BJW";"CMLL";"CWF";"Dragon Gate";"ECW";"JTO";"JWP";"Michinoku Pro";"NEW";"NJPW";"NJPW/RevPro";"OTT";"NXT";"NOAH";"NWA";"PWG";"RevPro";"ROH";"SMW";"ROH/NJPW";"STARDOM";"TNA";"UWF";"WCW";"WCW/AAA";"West Coast";"Wrestlecon";"WWE";"WWF";"WWW"}) -> AEW | I24: AEW WrestleDream
A25: ="ID" & (ROW(A25)-2) -> ID23 | B25: 5.5 | C25: June 4th | D25: 2018 | E25: Hiromu Takahashi | F25: Taiji Ishimori | G25: =LOOKUP(I25,{"1PW";"AAA";"AEW";"AEW/NJPW";"AJPW";"AJW";"BJW";"CMLL";"CWF";"Dragon Gate";"ECW";"JTO";"JWP";"Michinoku Pro";"NEW";"NJPW";"NJPW/RevPro";"OTT";"NXT";"NOAH";"NWA";"PWG";"RevPro";"ROH";"SMW";"ROH/NJPW";"STARDOM";"TNA";"UWF";"WCW";"WCW/AAA";"West Coast";"Wrestlecon";"WWE";"WWF";"WWW"},{"1PW";"AAA";"AEW";"AEW/NJPW";"AJPW";"AJW";"BJW";"CMLL";"CWF";"Dragon Gate";"ECW";"JTO";"JWP";"Michinoku Pro";"NEW";"NJPW";"NJPW/RevPro";"OTT";"NXT";"NOAH";"NWA";"PWG";"RevPro";"ROH";"SMW";"ROH/NJPW";"STARDOM";"TNA";"UWF";"WCW";"WCW/AAA";"West Coast";"Wrestlecon";"WWE";"WWF";"WWW"}) -> NJPW | I25: NJPW Best of the Super Juniors XXV - Day 14
A26: ="ID" & (ROW(A26)-2) -> ID24 | B26: 5.5 | C26: August 4th | D26: 2018 | E26: Tomohiro Ishii | F26: Kenny Omega | G26: =LOOKUP(I26,{"1PW";"AAA";"AEW";"AEW/NJPW";"AJPW";"AJW";"BJW";"CMLL";"CWF";"Dragon Gate";"ECW";"JTO";"JWP";"Michinoku Pro";"NEW";"NJPW";"NJPW/RevPro";"OTT";"NXT";"NOAH";"NWA";"PWG";"RevPro";"ROH";"SMW";"ROH/NJPW";"STARDOM";"TNA";"UWF";"WCW";"WCW/AAA";"West Coast";"Wrestlecon";"WWE";"WWF";"WWW"},{"1PW";"AAA";"AEW";"AEW/NJPW";"AJPW";"AJW";"BJW";"CMLL";"CWF";"Dragon Gate";"ECW";"JTO";"JWP";"Michinoku Pro";"NEW";"NJPW";"NJPW/RevPro";"OTT";"NXT";"NOAH";"NWA";"PWG";"RevPro";"ROH";"SMW";"ROH/NJPW";"STARDOM";"TNA";"UWF";"WCW";"WCW/AAA";"West Coast";"Wrestlecon";"WWE";"WWF";"WWW"}) -> NJPW | I26: NJPW G1 Climax 2018 - Day 14
A27: ="ID" & (ROW(A27)-2) -> ID25 | B27: 5.5 | C27: August 11th | D27: 2018 | E27: Kota Ibushi | F27: Kenny Omega | G27: =LOOKUP(I27,{"1PW";"AAA";"AEW";"AEW/NJPW";"AJPW";"AJW";"BJW";"CMLL";"CWF";"Dragon Gate";"ECW";"JTO";"JWP";"Michinoku Pro";"NEW";"NJPW";"NJPW/RevPro";"OTT";"NXT";"NOAH";"NWA";"PWG";"RevPro";"ROH";"SMW";"ROH/NJPW";"STARDOM";"TNA";"UWF";"WCW";"WCW/AAA";"West Coast";"Wrestlecon";"WWE";"WWF";"WWW"},{"1PW";"AAA";"AEW";"AEW/NJPW";"AJPW";"AJW";"BJW";"CMLL";"CWF";"Dragon Gate";"ECW";"JTO";"JWP";"Michinoku Pro";"NEW";"NJPW";"NJPW/RevPro";"OTT";"NXT";"NOAH";"NWA";"PWG";"RevPro";"ROH";"SMW";"ROH/NJPW";"STARDOM";"TNA";"UWF";"WCW";"WCW/AAA";"West Coast";"Wrestlecon";"WWE";"WWF";"WWW"}) -> NJPW | I27: NJPW G1 Climax 2018 - Day 18
A28: ="ID" & (ROW(A28)-2) -> ID26 | B28: 5.5 | C28: August 8th | D28: 2019 | E28: Shingo Takagi | F28: Tomohiro Ishii | G28: =LOOKUP(I28,{"1PW";"AAA";"AEW";"AEW/NJPW";"AJPW";"AJW";"BJW";"CMLL";"CWF";"Dragon Gate";"ECW";"JTO";"JWP";"Michinoku Pro";"NEW";"NJPW";"NJPW/RevPro";"OTT";"NXT";"NOAH";"NWA";"PWG";"RevPro";"ROH";"SMW";"ROH/NJPW";"STARDOM";"TNA";"UWF";"WCW";"WCW/AAA";"West Coast";"Wrestlecon";"WWE";"WWF";"WWW"},{"1PW";"AAA";"AEW";"AEW/NJPW";"AJPW";"AJW";"BJW";"CMLL";"CWF";"Dragon Gate";"ECW";"JTO";"JWP";"Michinoku Pro";"NEW";"NJPW";"NJPW/RevPro";"OTT";"NXT";"NOAH";"NWA";"PWG";"RevPro";"ROH";"SMW";"ROH/NJPW";"STARDOM";"TNA";"UWF";"WCW";"WCW/AAA";"West Coast";"Wrestlecon";"WWE";"WWF";"WWW"}) -> NJPW | I28: NJPW G1 Climax 2019 - Day 16
A29: ="ID" & (ROW(A29)-2) -> ID27 | B29: 5.5 | C29: August 12th | D29: 2019 | E29: Kota Ibushi | F29: Jay White | G29: =LOOKUP(I29,{"1PW";"AAA";"AEW";"AEW/NJPW";"AJPW";"AJW";"BJW";"CMLL";"CWF";"Dragon Gate";"ECW";"JTO";"JWP";"Michinoku Pro";"NEW";"NJPW";"NJPW/RevPro";"OTT";"NXT";"NOAH";"NWA";"PWG";"RevPro";"ROH";"SMW";"ROH/NJPW";"STARDOM";"TNA";"UWF";"WCW";"WCW/AAA";"West Coast";"Wrestlecon";"WWE";"WWF";"WWW"},{"1PW";"AAA";"AEW";"AEW/NJPW";"AJPW";"AJW";"BJW";"CMLL";"CWF";"Dragon Gate";"ECW";"JTO";"JWP";"Michinoku Pro";"NEW";"NJPW";"NJPW/RevPro";"OTT";"NXT";"NOAH";"NWA";"PWG";"RevPro";"ROH";"SMW";"ROH/NJPW";"STARDOM";"TNA";"UWF";"WCW";"WCW/AAA";"West Coast";"Wrestlecon";"WWE";"WWF";"WWW"}) -> NJPW | I29: NJPW G1 Climax 2019 - Day 19: Finals
A30: ="ID" & (ROW(A30)-2) -> ID28 | B30: 5.5 | C30: September 18th | D30: 2021 | E30: Shingo Takagi | F30: Tomohiro Ishii | G30: =LOOKUP(I30,{"1PW";"AAA";"AEW";"AEW/NJPW";"AJPW";"AJW";"BJW";"CMLL";"CWF";"Dragon Gate";"ECW";"JTO";"JWP";"Michinoku Pro";"NEW";"NJPW";"NJPW/RevPro";"OTT";"NXT";"NOAH";"NWA";"PWG";"RevPro";"ROH";"SMW";"ROH/NJPW";"STARDOM";"TNA";"UWF";"WCW";"WCW/AAA";"West Coast";"Wrestlecon";"WWE";"WWF";"WWW"},{"1PW";"AAA";"AEW";"AEW/NJPW";"AJPW";"AJW";"BJW";"CMLL";"CWF";"Dragon Gate";"ECW";"JTO";"JWP";"Michinoku Pro";"NEW";"NJPW";"NJPW/RevPro";"OTT";"NXT";"NOAH";"NWA";"PWG";"RevPro";"ROH";"SMW";"ROH/NJPW";"STARDOM";"TNA";"UWF";"WCW";"WCW/AAA";"West Coast";"Wrestlecon";"WWE";"WWF";"WWW"}) -> NJPW | I30: NJPW G1 Climax 2021 - Day 1
A31: ="ID" & (ROW(A31)-2) -> ID29 | B31: 5.5 | C31: August 6th | D31: 2022 | E31: Shingo Takagi | F31: Will Ospreay | G31: =LOOKUP(I31,{"1PW";"AAA";"AEW";"AEW/NJPW";"AJPW";"AJW";"BJW";"CMLL";"CWF";"Dragon Gate";"ECW";"JTO";"JWP";"Michinoku Pro";"NEW";"NJPW";"NJPW/RevPro";"OTT";"NXT";"NOAH";"NWA";"PWG";"RevPro";"ROH";"SMW";"ROH/NJPW";"STARDOM";"TNA";"UWF";"WCW";"WCW/AAA";"West Coast";"Wrestlecon";"WWE";"WWF";"WWW"},{"1PW";"AAA";"AEW";"AEW/NJPW";"AJPW";"AJW";"BJW";"CMLL";"CWF";"Dragon Gate";"ECW";"JTO";"JWP";"Michinoku Pro";"NEW";"NJPW";"NJPW/RevPro";"OTT";"NXT";"NOAH";"NWA";"PWG";"RevPro";"ROH";"SMW";"ROH/NJPW";"STARDOM";"TNA";"UWF";"WCW";"WCW/AAA";"West Coast";"Wrestlecon";"WWE";"WWF";"WWW"}) -> NJPW | I31: NJPW G1 Climax 2022 - Day 12
A32: ="ID" & (ROW(A32)-2) -> ID30 | B32: 5.5 | C32: March 21st | D32: 2021 | E32: Will Ospreay | F32: Shingo Takagi | G32: =LOOKUP(I32,{"1PW";"AAA";"AEW";"AEW/NJPW";"AJPW";"AJW";"BJW";"CMLL";"CWF";"Dragon Gate";"ECW";"JTO";"JWP";"Michinoku Pro";"NEW";"NJPW";"NJPW/RevPro";"OTT";"NXT";"NOAH";"NWA";"PWG";"RevPro";"ROH";"SMW";"ROH/NJPW";"STARDOM";"TNA";"UWF";"WCW";"WCW/AAA";"West Coast";"Wrestlecon";"WWE";"WWF";"WWW"},{"1PW";"AAA";"AEW";"AEW/NJPW";"AJPW";"AJW";"BJW";"CMLL";"CWF";"Dragon Gate";"ECW";"JTO";"JWP";"Michinoku Pro";"NEW";"NJPW";"NJPW/RevPro";"OTT";"NXT";"NOAH";"NWA";"PWG";"RevPro";"ROH";"SMW";"ROH/NJPW";"STARDOM";"TNA";"UWF";"WCW";"WCW/AAA";"West Coast";"Wrestlecon";"WWE";"WWF";"WWW"}) -> NJPW | I32: NJPW New Japan Cup 2021 - Day 13
A33: ="ID" & (ROW(A33)-2) -> ID31 | B33: 5.5 | C33: January 4th | D33: 2020 | E33: Hiromu Takahashi | F33: Will Ospreay | G33: =LOOKUP(I33,{"1PW";"AAA";"AEW";"AEW/NJPW";"AJPW";"AJW";"BJW";"CMLL";"CWF";"Dragon Gate";"ECW";"JTO";"JWP";"Michinoku Pro";"NEW";"NJPW";"NJPW/RevPro";"OTT";"NXT";"NOAH";"NWA";"PWG";"RevPro";"ROH";"SMW";"ROH/NJPW";"STARDOM";"TNA";"UWF";"WCW";"WCW/AAA";"West Coast";"Wrestlecon";"WWE";"WWF";"WWW"},{"1PW";"AAA";"AEW";"AEW/NJPW";"AJPW";"AJW";"BJW";"CMLL";"CWF";"Dragon Gate";"ECW";"JTO";"JWP";"Michinoku Pro";"NEW";"NJPW";"NJPW/RevPro";"OTT";"NXT";"NOAH";"NWA";"PWG";"RevPro";"ROH";"SMW";"ROH/NJPW";"STARDOM";"TNA";"UWF";"WCW";"WCW/AAA";"West Coast";"Wrestlecon";"WWE";"WWF";"WWW"}) -> NJPW | H33: IWGP Junior Heavyweight Title | I33: NJPW Wrestle Kingdom 14 - Day 1
A34: ="ID" & (ROW(A34)-2) -> ID32 | B34: 5.5 | C34: May 4th | D34: 2018 | E34: Kazuchika Okada | F34: Hiroshi Tanahashi | G34: =LOOKUP(I34,{"1PW";"AAA";"AEW";"AEW/NJPW";"AJPW";"AJW";"BJW";"CMLL";"CWF";"Dragon Gate";"ECW";"JTO";"JWP";"Michinoku Pro";"NEW";"NJPW";"NJPW/RevPro";"OTT";"NXT";"NOAH";"NWA";"PWG";"RevPro";"ROH";"SMW";"ROH/NJPW";"STARDOM";"TNA";"UWF";"WCW";"WCW/AAA";"West Coast";"Wrestlecon";"WWE";"WWF";"WWW"},{"1PW";"AAA";"AEW";"AEW/NJPW";"AJPW";"AJW";"BJW";"CMLL";"CWF";"Dragon Gate";"ECW";"JTO";"JWP";"Michinoku Pro";"NEW";"NJPW";"NJPW/RevPro";"OTT";"NXT";"NOAH";"NWA";"PWG";"RevPro";"ROH";"SMW";"ROH/NJPW";"STARDOM";"TNA";"UWF";"WCW";"WCW/AAA";"West Coast";"Wrestlecon";"WWE";"WWF";"WWW"}) -> NJPW | H34: IWGP Heavyweight Title | I34: NJPW Wrestling Dontaku 2018 - Day 2
A35: ="ID" & (ROW(A35)-2) -> ID33 | B35: 5.5 | C35: April 5th | D35: 2019 | E35: Johnny Gargano | F35: Adam Cole | G35: NXT | H35: NXT Title | I35: NXT TakeOver: New York
A36: ="ID" & (ROW(A36)-2) -> ID34 | B36: 5.5 | C36: December 10th | D36: 2022 | E36: Jay Briscoe, Mark Briscoe | F36: Cash Wheeler, Dax Harwood | G36: =LOOKUP(I36,{"1PW";"AAA";"AEW";"AEW/NJPW";"AJPW";"AJW";"BJW";"CMLL";"CWF";"Dragon Gate";"ECW";"JTO";"JWP";"Michinoku Pro";"NEW";"NJPW";"NJPW/RevPro";"OTT";"NXT";"NOAH";"NWA";"PWG";"RevPro";"ROH";"SMW";"ROH/NJPW";"STARDOM";"TNA";"UWF";"WCW";"WCW/AAA";"West Coast";"Wrestlecon";"WWE";"WWF";"WWW"},{"1PW";"AAA";"AEW";"AEW/NJPW";"AJPW";"AJW";"BJW";"CMLL";"CWF";"Dragon Gate";"ECW";"JTO";"JWP";"Michinoku Pro";"NEW";"NJPW";"NJPW/RevPro";"OTT";"NXT";"NOAH";"NWA";"PWG";"RevPro";"ROH";"SMW";"ROH/NJPW";"STARDOM";"TNA";"UWF";"WCW";"WCW/AAA";"West Coast";"Wrestlecon";"WWE";"WWF";"WWW"}) -> ROH | H36: ROH Tag Team Title | I36: ROH Final Battle 2022
A37: ="ID" & (ROW(A37)-2) -> ID35 | B37: 5.5 | C37: June 12th | D37: 2021 | E37: Utami Hayashishita | F37: Syuri | G37: =LOOKUP(I37,{"1PW";"AAA";"AEW";"AEW/NJPW";"AJPW";"AJW";"BJW";"CMLL";"CWF";"Dragon Gate";"ECW";"JTO";"JWP";"Michinoku Pro";"NEW";"NJPW";"NJPW/RevPro";"OTT";"NXT";"NOAH";"NWA";"PWG";"RevPro";"ROH";"SMW";"ROH/NJPW";"STARDOM";"TNA";"UWF";"WCW";"WCW/AAA";"West Coast";"Wrestlecon";"WWE";"WWF";"WWW"},{"1PW";"AAA";"AEW";"AEW/NJPW";"AJPW";"AJW";"BJW";"CMLL";"CWF";"Dragon Gate";"ECW";"JTO";"JWP";"Michinoku Pro";"NEW";"NJPW";"NJPW/RevPro";"OTT";"NXT";"NOAH";"NWA";"PWG";"RevPro";"ROH";"SMW";"ROH/NJPW";"STARDOM";"TNA";"UWF";"WCW";"WCW/AAA";"West Coast";"Wrestlecon";"WWE";"WWF";"WWW"}) -> STARDOM | H37: World Of Stardom Title | I37: STARDOM Tokyo Dream Cinderella 2021 Special Edition
A38: ="ID" & (ROW(A38)-2) -> ID36 | B38: 5.25 | C38: August 31st | D38: 2019 | E38: Pentagon Jr., Rey Fenix | F38: Matt Jackson, Nick Jackson | G38: =LOOKUP(I38,{"1PW";"AAA";"AEW";"AEW/NJPW";"AJPW";"AJW";"BJW";"CMLL";"CWF";"Dragon Gate";"ECW";"JTO";"JWP";"Michinoku Pro";"NEW";"NJPW";"NJPW/RevPro";"OTT";"NXT";"NOAH";"NWA";"PWG";"RevPro";"ROH";"SMW";"ROH/NJPW";"STARDOM";"TNA";"UWF";"WCW";"WCW/AAA";"West Coast";"Wrestlecon";"WWE";"WWF";"WWW"},{"1PW";"AAA";"AEW";"AEW/NJPW";"AJPW";"AJW";"BJW";"CMLL";"CWF";"Dragon Gate";"ECW";"JTO";"JWP";"Michinoku Pro";"NEW";"NJPW";"NJPW/RevPro";"OTT";"NXT";"NOAH";"NWA";"PWG";"RevPro";"ROH";"SMW";"ROH/NJPW";"STARDOM";"TNA";"UWF";"WCW";"WCW/AAA";"West Coast";"Wrestlecon";"WWE";"WWF";"WWW"}) -> AEW | H38: AEW Tag Team Title | I38: AEW All Out
A39: ="ID" & (ROW(A39)-2) -> ID37 | B39: 5.25 | C39: July 15th | D39: 2023 | E39: Cash Wheeler, Dax Harwood | F39: Jay White, Juice Robinson | G39: =LOOKUP(I39,{"1PW";"AAA";"AEW";"AEW/NJPW";"AJPW";"AJW";"BJW";"CMLL";"CWF";"Dragon Gate";"ECW";"JTO";"JWP";"Michinoku Pro";"NEW";"NJPW";"NJPW/RevPro";"OTT";"NXT";"NOAH";"NWA";"PWG";"RevPro";"ROH";"SMW";"ROH/NJPW";"STARDOM";"TNA";"UWF";"WCW";"WCW/AAA";"West Coast";"Wrestlecon";"WWE";"WWF";"WWW"},{"1PW";"AAA";"AEW";"AEW/NJPW";"AJPW";"AJW";"BJW";"CMLL";"CWF";"Dragon Gate";"ECW";"JTO";"JWP";"Michinoku Pro";"NEW";"NJPW";"NJPW/RevPro";"OTT";"NXT";"NOAH";"NWA";"PWG";"RevPro";"ROH";"SMW";"ROH/NJPW";"STARDOM";"TNA";"UWF";"WCW";"WCW/AAA";"West Coast";"Wrestlecon";"WWE";"WWF";"WWW"}) -> AEW | H39: AEW Tag Team Title | I39: AEW Collision #5
A40: ="ID" & (ROW(A40)-2) -> ID38 | B40: 5.25 | C40: November 7th | D40: 2020 | E40: Matt Jackson, Nick Jackson | F40: Cash Wheeler, Dax Harwood | G40: =LOOKUP(I40,{"1PW";"AAA";"AEW";"AEW/NJPW";"AJPW";"AJW";"BJW";"CMLL";"CWF";"Dragon Gate";"ECW";"JTO";"JWP";"Michinoku Pro";"NEW";"NJPW";"NJPW/RevPro";"OTT";"NXT";"NOAH";"NWA";"PWG";"RevPro";"ROH";"SMW";"ROH/NJPW";"STARDOM";"TNA";"UWF";"WCW";"WCW/AAA";"West Coast";"Wrestlecon";"WWE";"WWF";"WWW"},{"1PW";"AAA";"AEW";"AEW/NJPW";"AJPW";"AJW";"BJW";"CMLL";"CWF";"Dragon Gate";"ECW";"JTO";"JWP";"Michinoku Pro";"NEW";"NJPW";"NJPW/RevPro";"OTT";"NXT";"NOAH";"NWA";"PWG";"RevPro";"ROH";"SMW";"ROH/NJPW";"STARDOM";"TNA";"UWF";"WCW";"WCW/AAA";"West Coast";"Wrestlecon";"WWE";"WWF";"WWW"}) -> AEW | H40: AEW Tag Team Title | I40: AEW Full Gear 2020
A41: ="ID" & (ROW(A41)-2) -> ID39 | B41: 5.25 | C41: October 10th | D41: 2020 | E41: Kazuchika Okada | F41: Shingo Takagi | G41: =LOOKUP(I41,{"1PW";"AAA";"AEW";"AEW/NJPW";"AJPW";"AJW";"BJW";"CMLL";"CWF";"Dragon Gate";"ECW";"JTO";"JWP";"Michinoku Pro";"NEW";"NJPW";"NJPW/RevPro";"OTT";"NXT";"NOAH";"NWA";"PWG";"RevPro";"ROH";"SMW";"ROH/NJPW";"STARDOM";"TNA";"UWF";"WCW";"WCW/AAA";"West Coast";"Wrestlecon";"WWE";"WWF";"WWW"},{"1PW";"AAA";"AEW";"AEW/NJPW";"AJPW";"AJW";"BJW";"CMLL";"CWF";"Dragon Gate";"ECW";"JTO";"JWP";"Michinoku Pro";"NEW";"NJPW";"NJPW/RevPro";"OTT";"NXT";"NOAH";"NWA";"PWG";"RevPro";"ROH";"SMW";"ROH/NJPW";"STARDOM";"TNA";"UWF";"WCW";"WCW/AAA";"West Coast";"Wrestlecon";"WWE";"WWF";"WWW"}) -> NJPW | I41: NJPW G1 Climax 2020 - Day 13
A42: ="ID" & (ROW(A42)-2) -> ID40 | B42: 5.25 | C42: October 10th | D42: 2020 | E42: Kota Ibushi | F42: Minoru Suzuki | G42: =LOOKUP(I42,{"1PW";"AAA";"AEW";"AEW/NJPW";"AJPW";"AJW";"BJW";"CMLL";"CWF";"Dragon Gate";"ECW";"JTO";"JWP";"Michinoku Pro";"NEW";"NJPW";"NJPW/RevPro";"OTT";"NXT";"NOAH";"NWA";"PWG";"RevPro";"ROH";"SMW";"ROH/NJPW";"STARDOM";"TNA";"UWF";"WCW";"WCW/AAA";"West Coast";"Wrestlecon";"WWE";"WWF";"WWW"},{"1PW";"AAA";"AEW";"AEW/NJPW";"AJPW";"AJW";"BJW";"CMLL";"CWF";"Dragon Gate";"ECW";"JTO";"JWP";"Michinoku Pro";"NEW";"NJPW";"NJPW/RevPro";"OTT";"NXT";"NOAH";"NWA";"PWG";"RevPro";"ROH";"SMW";"ROH/NJPW";"STARDOM";"TNA";"UWF";"WCW";"WCW/AAA";"West Coast";"Wrestlecon";"WWE";"WWF";"WWW"}) -> NJPW | I42: NJPW G1 Climax 2020 - Day 13
A43: ="ID" & (ROW(A43)-2) -> ID41 | B43: 5.25 | C43: August 13th | D43: 2023 | E43: Tetsuya Naito | F43: Kazuchika Okada | G43: =LOOKUP(I43,{"1PW";"AAA";"AEW";"AEW/NJPW";"AJPW";"AJW";"BJW";"CMLL";"CWF";"Dragon Gate";"ECW";"JTO";"JWP";"Michinoku Pro";"NEW";"NJPW";"NJPW/RevPro";"OTT";"NXT";"NOAH";"NWA";"PWG";"RevPro";"ROH";"SMW";"ROH/NJPW";"STARDOM";"TNA";"UWF";"WCW";"WCW/AAA";"West Coast";"Wrestlecon";"WWE";"WWF";"WWW"},{"1PW";"AAA";"AEW";"AEW/NJPW";"AJPW";"AJW";"BJW";"CMLL";"CWF";"Dragon Gate";"ECW";"JTO";"JWP";"Michinoku Pro";"NEW";"NJPW";"NJPW/RevPro";"OTT";"NXT";"NOAH";"NWA";"PWG";"RevPro";"ROH";"SMW";"ROH/NJPW";"STARDOM";"TNA";"UWF";"WCW";"WCW/AAA";"West Coast";"Wrestlecon";"WWE";"WWF";"WWW"}) -> NJPW | I43: NJPW G1 Climax 2023 - Day 19
A44: ="ID" & (ROW(A44)-2) -> ID42 | B44: 5.25 | C44: April 2nd | D44: 2023 | E44: Shingo Takagi | F44: Aaron Henare | G44: =LOOKUP(I44,{"1PW";"AAA";"AEW";"AEW/NJPW";"AJPW";"AJW";"BJW";"CMLL";"CWF";"Dragon Gate";"ECW";"JTO";"JWP";"Michinoku Pro";"NEW";"NJPW";"NJPW/RevPro";"OTT";"NXT";"NOAH";"NWA";"PWG";"RevPro";"ROH";"SMW";"ROH/NJPW";"STARDOM";"TNA";"UWF";"WCW";"WCW/AAA";"West Coast";"Wrestlecon";"WWE";"WWF";"WWW"},{"1PW";"AAA";"AEW";"AEW/NJPW";"AJPW";"AJW";"BJW";"CMLL";"CWF";"Dragon Gate";"ECW";"JTO";"JWP";"Michinoku Pro";"NEW";"NJPW";"NJPW/RevPro";"OTT";"NXT";"NOAH";"NWA";"PWG";"RevPro";"ROH";"SMW";"ROH/NJPW";"STARDOM";"TNA";"UWF";"WCW";"WCW/AAA";"West Coast";"Wrestlecon";"WWE";"WWF";"WWW"}) -> NJPW | H44: NJPW King Of Pro-Wrestling Title | I44: NJPW Road To Sakura Genesis 2023 - Day 2
A45: ="ID" & (ROW(A45)-2) -> ID43 | B45: 5.25 | C45: January 4th | D45: 2021 | E45: Kazuchika Okada | F45: Will Ospreay | G45: =LOOKUP(I45,{"1PW";"AAA";"AEW";"AEW/NJPW";"AJPW";"AJW";"BJW";"CMLL";"CWF";"Dragon Gate";"ECW";"JTO";"JWP";"Michinoku Pro";"NEW";"NJPW";"NJPW/RevPro";"OTT";"NXT";"NOAH";"NWA";"PWG";"RevPro";"ROH";"SMW";"ROH/NJPW";"STARDOM";"TNA";"UWF";"WCW";"WCW/AAA";"West Coast";"Wrestlecon";"WWE";"WWF";"WWW"},{"1PW";"AAA";"AEW";"AEW/NJPW";"AJPW";"AJW";"BJW";"CMLL";"CWF";"Dragon Gate";"ECW";"JTO";"JWP";"Michinoku Pro";"NEW";"NJPW";"NJPW/RevPro";"OTT";"NXT";"NOAH";"NWA";"PWG";"RevPro";"ROH";"SMW";"ROH/NJPW";"STARDOM";"TNA";"UWF";"WCW";"WCW/AAA";"West Coast";"Wrestlecon";"WWE";"WWF";"WWW"}) -> NJPW | I45: NJPW Wrestle Kingdom 15 - Day 1
A46: ="ID" & (ROW(A46)-2) -> ID44 | B46: 5.25 | C46: January 5th | D46: 2021 | E46: Kota Ibushi | F46: Jay White | G46: =LOOKUP(I46,{"1PW";"AAA";"AEW";"AEW/NJPW";"AJPW";"AJW";"BJW";"CMLL";"CWF";"Dragon Gate";"ECW";"JTO";"JWP";"Michinoku Pro";"NEW";"NJPW";"NJPW/RevPro";"OTT";"NXT";"NOAH";"NWA";"PWG";"RevPro";"ROH";"SMW";"ROH/NJPW";"STARDOM";"TNA";"UWF";"WCW";"WCW/AAA";"West Coast";"Wrestlecon";"WWE";"WWF";"WWW"},{"1PW";"AAA";"AEW";"AEW/NJPW";"AJPW";"AJW";"BJW";"CMLL";"CWF";"Dragon Gate";"ECW";"JTO";"JWP";"Michinoku Pro";"NEW";"NJPW";"NJPW/RevPro";"OTT";"NXT";"NOAH";"NWA";"PWG";"RevPro";"ROH";"SMW";"ROH/NJPW";"STARDOM";"TNA";"UWF";"WCW";"WCW/AAA";"West Coast";"Wrestlecon";"WWE";"WWF";"WWW"}) -> NJPW | H46: IWGP Heavyweight Title / IWGP Intercontinental Title | I46: NJPW Wrestle Kingdom 15 - Day 2
A47: ="ID" & (ROW(A47)-2) -> ID45 | B47: 5.25 | C47: July 15th | D47: 2023 | E47: Katsuhiko Nakajima | F47: Kento Miyahara | G47: NOAH | I47: NOAH One Night Dream
A48: ="ID" & (ROW(A48)-2) -> ID46 | B48: 5.25 | C48: August 22nd | D48: 2021 | E48: Ilja Dragunov | F48: WALTER | G48: NXT | I48: NXT TakeOver 36
A49: ="ID" & (ROW(A49)-2) -> ID47 | B49: 5.25 | C49: June 1st | D49: 2019 | E49: Adam Cole | F49: Johnny Gargano | G49: NXT | H49: NXT Title | I49: NXT TakeOver XXV
A50: ="ID" & (ROW(A50)-2) -> ID48 | B50: 5.25 | C50: August 31st | D50: 2019 | E50: WALTER | F50: Tyler Bate | G50: NXT | H50: WWE United Kingdom Title | I50: NXT UK TakeOver: Cardiff
A51: ="ID" & (ROW(A51)-2) -> ID49 | B51: 5 | C51: October 9th | D51: 2021 | E51: Fénix, Pentagon Jr. | F51: El Hijo Del Vikingo, Laredo Kid | G51: =LOOKUP(I51,{"1PW";"AAA";"AEW";"AEW/NJPW";"AJPW";"AJW";"BJW";"CMLL";"CWF";"Dragon Gate";"ECW";"JTO";"JWP";"Michinoku Pro";"NEW";"NJPW";"NJPW/RevPro";"OTT";"NXT";"NOAH";"NWA";"PWG";"RevPro";"ROH";"SMW";"ROH/NJPW";"STARDOM";"TNA";"UWF";"WCW";"WCW/AAA";"West Coast";"Wrestlecon";"WWE";"WWF";"WWW"},{"1PW";"AAA";"AEW";"AEW/NJPW";"AJPW";"AJW";"BJW";"CMLL";"CWF";"Dragon Gate";"ECW";"JTO";"JWP";"Michinoku Pro";"NEW";"NJPW";"NJPW/RevPro";"OTT";"NXT";"NOAH";"NWA";"PWG";"RevPro";"ROH";"SMW";"ROH/NJPW";"STARDOM";"TNA";"UWF";"WCW";"WCW/AAA";"West Coast";"Wrestlecon";"WWE";"WWF";"WWW"}) -> AAA | H51: AAA World Tag Team Title | I51: AAA Heroes Inmortales XIV
A52: ="ID" & (ROW(A52)-2) -> ID50 | B52: 5 | C52: October 23rd | D52: 2022 | E52: Laredo Kid | F52: El Hijo Del Vikingo | G52: =LOOKUP(I52,{"1PW";"AAA";"AEW";"AEW/NJPW";"AJPW";"AJW";"BJW";"CMLL";"CWF";"Dragon Gate";"ECW";"JTO";"JWP";"Michinoku Pro";"NEW";"NJPW";"NJPW/RevPro";"OTT";"NXT";"NOAH";"NWA";"PWG";"RevPro";"ROH";"SMW";"ROH/NJPW";"STARDOM";"TNA";"UWF";"WCW";"WCW/AAA";"West Coast";"Wrestlecon";"WWE";"WWF";"WWW"},{"1PW";"AAA";"AEW";"AEW/NJPW";"AJPW";"AJW";"BJW";"CMLL";"CWF";"Dragon Gate";"ECW";"JTO";"JWP";"Michinoku Pro";"NEW";"NJPW";"NJPW/RevPro";"OTT";"NXT";"NOAH";"NWA";"PWG";"RevPro";"ROH";"SMW";"ROH/NJPW";"STARDOM";"TNA";"UWF";"WCW";"WCW/AAA";"West Coast";"Wrestlecon";"WWE";"WWF";"WWW"}) -> AAA | I52: AAA Showcenter
A53: ="ID" & (ROW(A53)-2) -> ID51 | B53: 5 | C53: October 15th | D53: 2022 | E53: El Hijo Del Vikingo | F53: Fénix | G53: =LOOKUP(I53,{"1PW";"AAA";"AEW";"AEW/NJPW";"AJPW";"AJW";"BJW";"CMLL";"CWF";"Dragon Gate";"ECW";"JTO";"JWP";"Michinoku Pro";"NEW";"NJPW";"NJPW/RevPro";"OTT";"NXT";"NOAH";"NWA";"PWG";"RevPro";"ROH";"SMW";"ROH/NJPW";"STARDOM";"TNA";"UWF";"WCW";"WCW/AAA";"West Coast";"Wrestlecon";"WWE";"WWF";"WWW"},{"1PW";"AAA";"AEW";"AEW/NJPW";"AJPW";"AJW";"BJW";"CMLL";"CWF";"Dragon Gate";"ECW";"JTO";"JWP";"Michinoku Pro";"NEW";"NJPW";"NJPW/RevPro";"OTT";"NXT";"NOAH";"NWA";"PWG";"RevPro";"ROH";"SMW";"ROH/NJPW";"STARDOM";"TNA";"UWF";"WCW";"WCW/AAA";"West Coast";"Wrestlecon";"WWE";"WWF";"WWW"}) -> AAA | H53: AAA Mega Title | I53: AAA TripleMania XXX: Mexico City
A54: ="ID" & (ROW(A54)-2) -> ID52 | B54: 5 | C54: September 3rd | D54: 2023 | E54: Konosuke Takeshita | F54: Kenny Omega | G54: =LOOKUP(I54,{"1PW";"AAA";"AEW";"AEW/NJPW";"AJPW";"AJW";"BJW";"CMLL";"CWF";"Dragon Gate";"ECW";"JTO";"JWP";"Michinoku Pro";"NEW";"NJPW";"NJPW/RevPro";"OTT";"NXT";"NOAH";"NWA";"PWG";"RevPro";"ROH";"SMW";"ROH/NJPW";"STARDOM";"TNA";"UWF";"WCW";"WCW/AAA";"West Coast";"Wrestlecon";"WWE";"WWF";"WWW"},{"1PW";"AAA";"AEW";"AEW/NJPW";"AJPW";"AJW";"BJW";"CMLL";"CWF";"Dragon Gate";"ECW";"JTO";"JWP";"Michinoku Pro";"NEW";"NJPW";"NJPW/RevPro";"OTT";"NXT";"NOAH";"NWA";"PWG";"RevPro";"ROH";"SMW";"ROH/NJPW";"STARDOM";"TNA";"UWF";"WCW";"WCW/AAA";"West Coast";"Wrestlecon";"WWE";"WWF";"WWW"}) -> AEW | I54: AEW All Out 2023
A55: ="ID" & (ROW(A55)-2) -> ID53 | B55: 5 | C55: September 3rd | D55: 2023 | E55: Bryan Danielson | F55: Ricky Starks | G55: =LOOKUP(I55,{"1PW";"AAA";"AEW";"AEW/NJPW";"AJPW";"AJW";"BJW";"CMLL";"CWF";"Dragon Gate";"ECW";"JTO";"JWP";"Michinoku Pro";"NEW";"NJPW";"NJPW/RevPro";"OTT";"NXT";"NOAH";"NWA";"PWG";"RevPro";"ROH";"SMW";"ROH/NJPW";"STARDOM";"TNA";"UWF";"WCW";"WCW/AAA";"West Coast";"Wrestlecon";"WWE";"WWF";"WWW"},{"1PW";"AAA";"AEW";"AEW/NJPW";"AJPW";"AJW";"BJW";"CMLL";"CWF";"Dragon Gate";"ECW";"JTO";"JWP";"Michinoku Pro";"NEW";"NJPW";"NJPW/RevPro";"OTT";"NXT";"NOAH";"NWA";"PWG";"RevPro";"ROH";"SMW";"ROH/NJPW";"STARDOM";"TNA";"UWF";"WCW";"WCW/AAA";"West Coast";"Wrestlecon";"WWE";"WWF";"WWW"}) -> AEW | I55: AEW All Out 2023
A56: ="ID" & (ROW(A56)-2) -> ID54 | B56: 5 | C56: May 25th | D56: 2019 | E56: Cody | F56: Dustin Rhodes | G56: =LOOKUP(I56,{"1PW";"AAA";"AEW";"AEW/NJPW";"AJPW";"AJW";"BJW";"CMLL";"CWF";"Dragon Gate";"ECW";"JTO";"JWP";"Michinoku Pro";"NEW";"NJPW";"NJPW/RevPro";"OTT";"NXT";"NOAH";"NWA";"PWG";"RevPro";"ROH";"SMW";"ROH/NJPW";"STARDOM";"TNA";"UWF";"WCW";"WCW/AAA";"West Coast";"Wrestlecon";"WWE";"WWF";"WWW"},{"1PW";"AAA";"AEW";"AEW/NJPW";"AJPW";"AJW";"BJW";"CMLL";"CWF";"Dragon Gate";"ECW";"JTO";"JWP";"Michinoku Pro";"NEW";"NJPW";"NJPW/RevPro";"OTT";"NXT";"NOAH";"NWA";"PWG";"RevPro";"ROH";"SMW";"ROH/NJPW";"STARDOM";"TNA";"UWF";"WCW";"WCW/AAA";"West Coast";"Wrestlecon";"WWE";"WWF";"WWW"}) -> AEW | I56: AEW Double Or Nothing
A57: ="ID" & (ROW(A57)-2) -> ID55 | B57: 5 | C57: May 29th | D57: 2022 | E57: Angelo Parker, Chris Jericho, Daniel Garcia, Jake Hager, Matt Menard | F57: Bryan Danielson, Eddie Kingston, Jon Moxley, Ortiz, Santana | G57: =LOOKUP(I57,{"1PW";"AAA";"AEW";"AEW/NJPW";"AJPW";"AJW";"BJW";"CMLL";"CWF";"Dragon Gate";"ECW";"JTO";"JWP";"Michinoku Pro";"NEW";"NJPW";"NJPW/RevPro";"OTT";"NXT";"NOAH";"NWA";"PWG";"RevPro";"ROH";"SMW";"ROH/NJPW";"STARDOM";"TNA";"UWF";"WCW";"WCW/AAA";"West Coast";"Wrestlecon";"WWE";"WWF";"WWW"},{"1PW";"AAA";"AEW";"AEW/NJPW";"AJPW";"AJW";"BJW";"CMLL";"CWF";"Dragon Gate";"ECW";"JTO";"JWP";"Michinoku Pro";"NEW";"NJPW";"NJPW/RevPro";"OTT";"NXT";"NOAH";"NWA";"PWG";"RevPro";"ROH";"SMW";"ROH/NJPW";"STARDOM";"TNA";"UWF";"WCW";"WCW/AAA";"West Coast";"Wrestlecon";"WWE";"WWF";"WWW"}) -> AEW | I57: AEW Double Or Nothing 2022
A58: ="ID" & (ROW(A58)-2) -> ID56 | B58: 5 | C58: May 28th | D58: 2023 | E58: Bryan Danielson, Claudio CasTagnoli, Jon Moxley, Wheeler YUTA | F58: Adam Page, Kenny Omega, Matt Jackson, Nick Jackson | G58: =LOOKUP(I58,{"1PW";"AAA";"AEW";"AEW/NJPW";"AJPW";"AJW";"BJW";"CMLL";"CWF";"Dragon Gate";"ECW";"JTO";"JWP";"Michinoku Pro";"NEW";"NJPW";"NJPW/RevPro";"OTT";"NXT";"NOAH";"NWA";"PWG";"RevPro";"ROH";"SMW";"ROH/NJPW";"STARDOM";"TNA";"UWF";"WCW";"WCW/AAA";"West Coast";"Wrestlecon";"WWE";"WWF";"WWW"},{"1PW";"AAA";"AEW";"AEW/NJPW";"AJPW";"AJW";"BJW";"CMLL";"CWF";"Dragon Gate";"ECW";"JTO";"JWP";"Michinoku Pro";"NEW";"NJPW";"NJPW/RevPro";"OTT";"NXT";"NOAH";"NWA";"PWG";"RevPro";"ROH";"SMW";"ROH/NJPW";"STARDOM";"TNA";"UWF";"WCW";"WCW/AAA";"West Coast";"Wrestlecon";"WWE";"WWF";"WWW"}) -> AEW | I58: AEW Double Or Nothing 2023
A59: ="ID" & (ROW(A59)-2) -> ID57 | B59: 5 | C59: September 22nd | D59: 2021 | E59: Bryan Danielson, Kenny Omega | F59: Bryan Danielson, Kenny Omega | G59: =LOOKUP(I59,{"1PW";"AAA";"AEW";"AEW/NJPW";"AJPW";"AJW";"BJW";"CMLL";"CWF";"Dragon Gate";"ECW";"JTO";"JWP";"Michinoku Pro";"NEW";"NJPW";"NJPW/RevPro";"OTT";"NXT";"NOAH";"NWA";"PWG";"RevPro";"ROH";"SMW";"ROH/NJPW";"STARDOM";"TNA";"UWF";"WCW";"WCW/AAA";"West Coast";"Wrestlecon";"WWE";"WWF";"WWW"},{"1PW";"AAA";"AEW";"AEW/NJPW";"AJPW";"AJW";"BJW";"CMLL";"CWF";"Dragon Gate";"ECW";"JTO";"JWP";"Michinoku Pro";"NEW";"NJPW";"NJPW/RevPro";"OTT";"NXT";"NOAH";"NWA";"PWG";"RevPro";"ROH";"SMW";"ROH/NJPW";"STARDOM";"TNA";"UWF";"WCW";"WCW/AAA";"West Coast";"Wrestlecon";"WWE";"WWF";"WWW"}) -> AEW | I59: AEW Dynamite #103 - Grand Slam
A60: ="ID" & (ROW(A60)-2) -> ID58 | B60: 5 | C60: December 15th | D60: 2021 | E60: Adam Page | F60: Bryan Danielson | G60: =LOOKUP(I60,{"1PW";"AAA";"AEW";"AEW/NJPW";"AJPW";"AJW";"BJW";"CMLL";"CWF";"Dragon Gate";"ECW";"JTO";"JWP";"Michinoku Pro";"NEW";"NJPW";"NJPW/RevPro";"OTT";"NXT";"NOAH";"NWA";"PWG";"RevPro";"ROH";"SMW";"ROH/NJPW";"STARDOM";"TNA";"UWF";"WCW";"WCW/AAA";"West Coast";"Wrestlecon";"WWE";"WWF";"WWW"},{"1PW";"AAA";"AEW";"AEW/NJPW";"AJPW";"AJW";"BJW";"CMLL";"CWF";"Dragon Gate";"ECW";"JTO";"JWP";"Michinoku Pro";"NEW";"NJPW";"NJPW/RevPro";"OTT";"NXT";"NOAH";"NWA";"PWG";"RevPro";"ROH";"SMW";"ROH/NJPW";"STARDOM";"TNA";"UWF";"WCW";"WCW/AAA";"West Coast";"Wrestlecon";"WWE";"WWF";"WWW"}) -> AEW | I60: AEW Dynamite #115 - Winter Is Coming 2021
A61: ="ID" & (ROW(A61)-2) -> ID59 | B61: 5 | C61: January 26th | D61: 2022 | E61: Sammy Guevara | F61: Cody Rhodes | G61: =LOOKUP(I61,{"1PW";"AAA";"AEW";"AEW/NJPW";"AJPW";"AJW";"BJW";"CMLL";"CWF";"Dragon Gate";"ECW";"JTO";"JWP";"Michinoku Pro";"NEW";"NJPW";"NJPW/RevPro";"OTT";"NXT";"NOAH";"NWA";"PWG";"RevPro";"ROH";"SMW";"ROH/NJPW";"STARDOM";"TNA";"UWF";"WCW";"WCW/AAA";"West Coast";"Wrestlecon";"WWE";"WWF";"WWW"},{"1PW";"AAA";"AEW";"AEW/NJPW";"AJPW";"AJW";"BJW";"CMLL";"CWF";"Dragon Gate";"ECW";"JTO";"JWP";"Michinoku Pro";"NEW";"NJPW";"NJPW/RevPro";"OTT";"NXT";"NOAH";"NWA";"PWG";"RevPro";"ROH";"SMW";"ROH/NJPW";"STARDOM";"TNA";"UWF";"WCW";"WCW/AAA";"West Coast";"Wrestlecon";"WWE";"WWF";"WWW"}) -> AEW | H61: AEW TNT Title | I61: AEW Dynamite #121 - Beach Break
A62: ="ID" & (ROW(A62)-2) -> ID60 | B62: 5 | C62: August 24th | D62: 2022 | E62: Kyle Fletcher, Mark Davis, Will Ospreay | F62: PAC, Penta El Zero Miedo, Rey Fenix | G62: =LOOKUP(I62,{"1PW";"AAA";"AEW";"AEW/NJPW";"AJPW";"AJW";"BJW";"CMLL";"CWF";"Dragon Gate";"ECW";"JTO";"JWP";"Michinoku Pro";"NEW";"NJPW";"NJPW/RevPro";"OTT";"NXT";"NOAH";"NWA";"PWG";"RevPro";"ROH";"SMW";"ROH/NJPW";"STARDOM";"TNA";"UWF";"WCW";"WCW/AAA";"West Coast";"Wrestlecon";"WWE";"WWF";"WWW"},{"1PW";"AAA";"AEW";"AEW/NJPW";"AJPW";"AJW";"BJW";"CMLL";"CWF";"Dragon Gate";"ECW";"JTO";"JWP";"Michinoku Pro";"NEW";"NJPW";"NJPW/RevPro";"OTT";"NXT";"NOAH";"NWA";"PWG";"RevPro";"ROH";"SMW";"ROH/NJPW";"STARDOM";"TNA";"UWF";"WCW";"WCW/AAA";"West Coast";"Wrestlecon";"WWE";"WWF";"WWW"}) -> AEW | I62: AEW Dynamite #151
A63: ="ID" & (ROW(A63)-2) -> ID61 | B63: 5 | C63: January 11th | D63: 2023 | E63: Kenny Omega, Matt Jackson, Nick Jackson | F63: PAC, Penta El Zero Miedo, Rey Fenix | G63: =LOOKUP(I63,{"1PW";"AAA";"AEW";"AEW/NJPW";"AJPW";"AJW";"BJW";"CMLL";"CWF";"Dragon Gate";"ECW";"JTO";"JWP";"Michinoku Pro";"NEW";"NJPW";"NJPW/RevPro";"OTT";"NXT";"NOAH";"NWA";"PWG";"RevPro";"ROH";"SMW";"ROH/NJPW";"STARDOM";"TNA";"UWF";"WCW";"WCW/AAA";"West Coast";"Wrestlecon";"WWE";"WWF";"WWW"},{"1PW";"AAA";"AEW";"AEW/NJPW";"AJPW";"AJW";"BJW";"CMLL";"CWF";"Dragon Gate";"ECW";"JTO";"JWP";"Michinoku Pro";"NEW";"NJPW";"NJPW/RevPro";"OTT";"NXT";"NOAH";"NWA";"PWG";"RevPro";"ROH";"SMW";"ROH/NJPW";"STARDOM";"TNA";"UWF";"WCW";"WCW/AAA";"West Coast";"Wrestlecon";"WWE";"WWF";"WWW"}) -> AEW | H63: AEW World Trios Title | I63: AEW Dynamite #171
A64: ="ID" & (ROW(A64)-2) -> ID62 | B64: 5 | C64: March 22nd | D64: 2023 | E64: Kenny Omega | F64: El Hijo Del Vikingo | G64: =LOOKUP(I64,{"1PW";"AAA";"AEW";"AEW/NJPW";"AJPW";"AJW";"BJW";"CMLL";"CWF";"Dragon Gate";"ECW";"JTO";"JWP";"Michinoku Pro";"NEW";"NJPW";"NJPW/RevPro";"OTT";"NXT";"NOAH";"NWA";"PWG";"RevPro";"ROH";"SMW";"ROH/NJPW";"STARDOM";"TNA";"UWF";"WCW";"WCW/AAA";"West Coast";"Wrestlecon";"WWE";"WWF";"WWW"},{"1PW";"AAA";"AEW";"AEW/NJPW";"AJPW";"AJW";"BJW";"CMLL";"CWF";"Dragon Gate";"ECW";"JTO";"JWP";"Michinoku Pro";"NEW";"NJPW";"NJPW/RevPro";"OTT";"NXT";"NOAH";"NWA";"PWG";"RevPro";"ROH";"SMW";"ROH/NJPW";"STARDOM";"TNA";"UWF";"WCW";"WCW/AAA";"West Coast";"Wrestlecon";"WWE";"WWF";"WWW"}) -> AEW | H64: AAA Mega Title | I64: AEW Dynamite #181
A65: ="ID" & (ROW(A65)-2) -> ID63 | B65: 5 | C65: September 16th | D65: 2020 | E65: Chuck Taylor, Trent | F65: Ortiz, Santana | G65: =LOOKUP(I65,{"1PW";"AAA";"AEW";"AEW/NJPW";"AJPW";"AJW";"BJW";"CMLL";"CWF";"Dragon Gate";"ECW";"JTO";"JWP";"Michinoku Pro";"NEW";"NJPW";"NJPW/RevPro";"OTT";"NXT";"NOAH";"NWA";"PWG";"RevPro";"ROH";"SMW";"ROH/NJPW";"STARDOM";"TNA";"UWF";"WCW";"WCW/AAA";"West Coast";"Wrestlecon";"WWE";"WWF";"WWW"},{"1PW";"AAA";"AEW";"AEW/NJPW";"AJPW";"AJW";"BJW";"CMLL";"CWF";"Dragon Gate";"ECW";"JTO";"JWP";"Michinoku Pro";"NEW";"NJPW";"NJPW/RevPro";"OTT";"NXT";"NOAH";"NWA";"PWG";"RevPro";"ROH";"SMW";"ROH/NJPW";"STARDOM";"TNA";"UWF";"WCW";"WCW/AAA";"West Coast";"Wrestlecon";"WWE";"WWF";"WWW"}) -> AEW | I65: AEW Dynamite #50
A66: ="ID" & (ROW(A66)-2) -> ID64 | B66: 5 | C66: January 6th | D66: 2021 | E66: Kenny Omega | F66: Rey Fenix | G66: =LOOKUP(I66,{"1PW";"AAA";"AEW";"AEW/NJPW";"AJPW";"AJW";"BJW";"CMLL";"CWF";"Dragon Gate";"ECW";"JTO";"JWP";"Michinoku Pro";"NEW";"NJPW";"NJPW/RevPro";"OTT";"NXT";"NOAH";"NWA";"PWG";"RevPro";"ROH";"SMW";"ROH/NJPW";"STARDOM";"TNA";"UWF";"WCW";"WCW/AAA";"West Coast";"Wrestlecon";"WWE";"WWF";"WWW"},{"1PW";"AAA";"AEW";"AEW/NJPW";"AJPW";"AJW";"BJW";"CMLL";"CWF";"Dragon Gate";"ECW";"JTO";"JWP";"Michinoku Pro";"NEW";"NJPW";"NJPW/RevPro";"OTT";"NXT";"NOAH";"NWA";"PWG";"RevPro";"ROH";"SMW";"ROH/NJPW";"STARDOM";"TNA";"UWF";"WCW";"WCW/AAA";"West Coast";"Wrestlecon";"WWE";"WWF";"WWW"}) -> AEW | H66: AEW World Heavyweight Title | I66: AEW Dynamite #66 - New Year's Smash - Night 1
A67: ="ID" & (ROW(A67)-2) -> ID65 | B67: 5 | C67: April 14th | D67: 2021 | E67: Matt Jackson, Nick Jackson | F67: PAC, Rey Fenix | G67: =LOOKUP(I67,{"1PW";"AAA";"AEW";"AEW/NJPW";"AJPW";"AJW";"BJW";"CMLL";"CWF";"Dragon Gate";"ECW";"JTO";"JWP";"Michinoku Pro";"NEW";"NJPW";"NJPW/RevPro";"OTT";"NXT";"NOAH";"NWA";"PWG";"RevPro";"ROH";"SMW";"ROH/NJPW";"STARDOM";"TNA";"UWF";"WCW";"WCW/AAA";"West Coast";"Wrestlecon";"WWE";"WWF";"WWW"},{"1PW";"AAA";"AEW";"AEW/NJPW";"AJPW";"AJW";"BJW";"CMLL";"CWF";"Dragon Gate";"ECW";"JTO";"JWP";"Michinoku Pro";"NEW";"NJPW";"NJPW/RevPro";"OTT";"NXT";"NOAH";"NWA";"PWG";"RevPro";"ROH";"SMW";"ROH/NJPW";"STARDOM";"TNA";"UWF";"WCW";"WCW/AAA";"West Coast";"Wrestlecon";"WWE";"WWF";"WWW"}) -> AEW | H67: AEW World Tag Team Title | I67: AEW Dynamite #80
A68: ="ID" & (ROW(A68)-2) -> ID66 | B68: 5 | C68: November 13th | D68: 2021 | E68: Christian Cage, Jungle Boy, Luchasaurus | F68: Adam Cole, Matt Jackson, Nick Jackson | G68: =LOOKUP(I68,{"1PW";"AAA";"AEW";"AEW/NJPW";"AJPW";"AJW";"BJW";"CMLL";"CWF";"Dragon Gate";"ECW";"JTO";"JWP";"Michinoku Pro";"NEW";"NJPW";"NJPW/RevPro";"OTT";"NXT";"NOAH";"NWA";"PWG";"RevPro";"ROH";"SMW";"ROH/NJPW";"STARDOM";"TNA";"UWF";"WCW";"WCW/AAA";"West Coast";"Wrestlecon";"WWE";"WWF";"WWW"},{"1PW";"AAA";"AEW";"AEW/NJPW";"AJPW";"AJW";"BJW";"CMLL";"CWF";"Dragon Gate";"ECW";"JTO";"JWP";"Michinoku Pro";"NEW";"NJPW";"NJPW/RevPro";"OTT";"NXT";"NOAH";"NWA";"PWG";"RevPro";"ROH";"SMW";"ROH/NJPW";"STARDOM";"TNA";"UWF";"WCW";"WCW/AAA";"West Coast";"Wrestlecon";"WWE";"WWF";"WWW"}) -> AEW | I68: AEW Full Gear 2021
A69: ="ID" & (ROW(A69)-2) -> ID67 | B69: 5 | C69: June 3rd | D69: 2022 | E69: Matt Jackson, Nick Jackson | F69: Penta Oscuro, Rey Fenix | G69: =LOOKUP(I69,{"1PW";"AAA";"AEW";"AEW/NJPW";"AJPW";"AJW";"BJW";"CMLL";"CWF";"Dragon Gate";"ECW";"JTO";"JWP";"Michinoku Pro";"NEW";"NJPW";"NJPW/RevPro";"OTT";"NXT";"NOAH";"NWA";"PWG";"RevPro";"ROH";"SMW";"ROH/NJPW";"STARDOM";"TNA";"UWF";"WCW";"WCW/AAA";"West Coast";"Wrestlecon";"WWE";"WWF";"WWW"},{"1PW";"AAA";"AEW";"AEW/NJPW";"AJPW";"AJW";"BJW";"CMLL";"CWF";"Dragon Gate";"ECW";"JTO";"JWP";"Michinoku Pro";"NEW";"NJPW";"NJPW/RevPro";"OTT";"NXT";"NOAH";"NWA";"PWG";"RevPro";"ROH";"SMW";"ROH/NJPW";"STARDOM";"TNA";"UWF";"WCW";"WCW/AAA";"West Coast";"Wrestlecon";"WWE";"WWF";"WWW"}) -> AEW | I69: AEW Rampage #43
A70: ="ID" & (ROW(A70)-2) -> ID68 | B70: 5 | C70: March 5th | D70: 2023 | E70: Adam Page | F70: Jon Moxley | G70: =LOOKUP(I70,{"1PW";"AAA";"AEW";"AEW/NJPW";"AJPW";"AJW";"BJW";"CMLL";"CWF";"Dragon Gate";"ECW";"JTO";"JWP";"Michinoku Pro";"NEW";"NJPW";"NJPW/RevPro";"OTT";"NXT";"NOAH";"NWA";"PWG";"RevPro";"ROH";"SMW";"ROH/NJPW";"STARDOM";"TNA";"UWF";"WCW";"WCW/AAA";"West Coast";"Wrestlecon";"WWE";"WWF";"WWW"},{"1PW";"AAA";"AEW";"AEW/NJPW";"AJPW";"AJW";"BJW";"CMLL";"CWF";"Dragon Gate";"ECW";"JTO";"JWP";"Michinoku Pro";"NEW";"NJPW";"NJPW/RevPro";"OTT";"NXT";"NOAH";"NWA";"PWG";"RevPro";"ROH";"SMW";"ROH/NJPW";"STARDOM";"TNA";"UWF";"WCW";"WCW/AAA";"West Coast";"Wrestlecon";"WWE";"WWF";"WWW"}) -> AEW | I70: AEW Revolution 2023
A71: ="ID" & (ROW(A71)-2) -> ID69 | B71: 5 | C71: October 31st | D71: 1998 | E71: Mitsuharu Misawa | F71: Kenta Kobashi | G71: =LOOKUP(I71,{"1PW";"AAA";"AEW";"AEW/NJPW";"AJPW";"AJW";"BJW";"CMLL";"CWF";"Dragon Gate";"ECW";"JTO";"JWP";"Michinoku Pro";"NEW";"NJPW";"NJPW/RevPro";"OTT";"NXT";"NOAH";"NWA";"PWG";"RevPro";"ROH";"SMW";"ROH/NJPW";"STARDOM";"TNA";"UWF";"WCW";"WCW/AAA";"West Coast";"Wrestlecon";"WWE";"WWF";"WWW"},{"1PW";"AAA";"AEW";"AEW/NJPW";"AJPW";"AJW";"BJW";"CMLL";"CWF";"Dragon Gate";"ECW";"JTO";"JWP";"Michinoku Pro";"NEW";"NJPW";"NJPW/RevPro";"OTT";"NXT";"NOAH";"NWA";"PWG";"RevPro";"ROH";"SMW";"ROH/NJPW";"STARDOM";"TNA";"UWF";"WCW";"WCW/AAA";"West Coast";"Wrestlecon";"WWE";"WWF";"WWW"}) -> AJPW | H71: Triple Crown Title | I71: AJPW 25th Anniversary Show
A72: ="ID" & (ROW(A72)-2) -> ID70 | B72: 5 | C72: March 9th | D72: 1985 | E72: Kuniaki Kobayashi, Tiger Mask | F72: Kuniaki Kobayashi, Tiger Mask | G72: =LOOKUP(I72,{"1PW";"AAA";"AEW";"AEW/NJPW";"AJPW";"AJW";"BJW";"CMLL";"CWF";"Dragon Gate";"ECW";"JTO";"JWP";"Michinoku Pro";"NEW";"NJPW";"NJPW/RevPro";"OTT";"NXT";"NOAH";"NWA";"PWG";"RevPro";"ROH";"SMW";"ROH/NJPW";"STARDOM";"TNA";"UWF";"WCW";"WCW/AAA";"West Coast";"Wrestlecon";"WWE";"WWF";"WWW"},{"1PW";"AAA";"AEW";"AEW/NJPW";"AJPW";"AJW";"BJW";"CMLL";"CWF";"Dragon Gate";"ECW";"JTO";"JWP";"Michinoku Pro";"NEW";"NJPW";"NJPW/RevPro";"OTT";"NXT";"NOAH";"NWA";"PWG";"RevPro";"ROH";"SMW";"ROH/NJPW";"STARDOM";"TNA";"UWF";"WCW";"WCW/AAA";"West Coast";"Wrestlecon";"WWE";"WWF";"WWW"}) -> AJPW | I72: AJPW 85 Gekitoh! Exciting Wars - Day 14
A73: ="ID" & (ROW(A73)-2) -> ID71 | B73: 5 | C73: April 15th | D73: 1995 | E73: Mitsuharu Misawa | F73: Akira Taue | G73: =LOOKUP(I73,{"1PW";"AAA";"AEW";"AEW/NJPW";"AJPW";"AJW";"BJW";"CMLL";"CWF";"Dragon Gate";"ECW";"JTO";"JWP";"Michinoku Pro";"NEW";"NJPW";"NJPW/RevPro";"OTT";"NXT";"NOAH";"NWA";"PWG";"RevPro";"ROH";"SMW";"ROH/NJPW";"STARDOM";"TNA";"UWF";"WCW";"WCW/AAA";"West Coast";"Wrestlecon";"WWE";"WWF";"WWW"},{"1PW";"AAA";"AEW";"AEW/NJPW";"AJPW";"AJW";"BJW";"CMLL";"CWF";"Dragon Gate";"ECW";"JTO";"JWP";"Michinoku Pro";"NEW";"NJPW";"NJPW/RevPro";"OTT";"NXT";"NOAH";"NWA";"PWG";"RevPro";"ROH";"SMW";"ROH/NJPW";"STARDOM";"TNA";"UWF";"WCW";"WCW/AAA";"West Coast";"Wrestlecon";"WWE";"WWF";"WWW"}) -> AJPW | I73: AJPW Budokan Hall Show (April '95)
A74: ="ID" & (ROW(A74)-2) -> ID72 | B74: 5 | C74: December 3rd | D74: 1993 | E74: Kenta Kobashi, Mitsuharu Misawa | F74: Akira Taue, Toshiaki Kawada | G74: =LOOKUP(I74,{"1PW";"AAA";"AEW";"AEW/NJPW";"AJPW";"AJW";"BJW";"CMLL";"CWF";"Dragon Gate";"ECW";"JTO";"JWP";"Michinoku Pro";"NEW";"NJPW";"NJPW/RevPro";"OTT";"NXT";"NOAH";"NWA";"PWG";"RevPro";"ROH";"SMW";"ROH/NJPW";"STARDOM";"TNA";"UWF";"WCW";"WCW/AAA";"West Coast";"Wrestlecon";"WWE";"WWF";"WWW"},{"1PW";"AAA";"AEW";"AEW/NJPW";"AJPW";"AJW";"BJW";"CMLL";"CWF";"Dragon Gate";"ECW";"JTO";"JWP";"Michinoku Pro";"NEW";"NJPW";"NJPW/RevPro";"OTT";"NXT";"NOAH";"NWA";"PWG";"RevPro";"ROH";"SMW";"ROH/NJPW";"STARDOM";"TNA";"UWF";"WCW";"WCW/AAA";"West Coast";"Wrestlecon";"WWE";"WWF";"WWW"}) -> AJPW | H74: AJPW World Tag Team Title | I74: AJPW Budokan Hall Show (December '93)
A75: ="ID" & (ROW(A75)-2) -> ID73 | B75: 5 | C75: December 6th | D75: 1996 | E75: Akira Taue, Toshiaki Kawada | F75: Jun Akiyama, Mitsuharu Misawa | G75: =LOOKUP(I75,{"1PW";"AAA";"AEW";"AEW/NJPW";"AJPW";"AJW";"BJW";"CMLL";"CWF";"Dragon Gate";"ECW";"JTO";"JWP";"Michinoku Pro";"NEW";"NJPW";"NJPW/RevPro";"OTT";"NXT";"NOAH";"NWA";"PWG";"RevPro";"ROH";"SMW";"ROH/NJPW";"STARDOM";"TNA";"UWF";"WCW";"WCW/AAA";"West Coast";"Wrestlecon";"WWE";"WWF";"WWW"},{"1PW";"AAA";"AEW";"AEW/NJPW";"AJPW";"AJW";"BJW";"CMLL";"CWF";"Dragon Gate";"ECW";"JTO";"JWP";"Michinoku Pro";"NEW";"NJPW";"NJPW/RevPro";"OTT";"NXT";"NOAH";"NWA";"PWG";"RevPro";"ROH";"SMW";"ROH/NJPW";"STARDOM";"TNA";"UWF";"WCW";"WCW/AAA";"West Coast";"Wrestlecon";"WWE";"WWF";"WWW"}) -> AJPW | I75: AJPW Budokan Hall Show (December '96)
A76: ="ID" & (ROW(A76)-2) -> ID74 | B76: 5 | C76: December 5th | D76: 1997 | E76: Akira Taue, Toshiaki Kawada | F76: Jun Akiyama, Mitsuharu Misawa | G76: =LOOKUP(I76,{"1PW";"AAA";"AEW";"AEW/NJPW";"AJPW";"AJW";"BJW";"CMLL";"CWF";"Dragon Gate";"ECW";"JTO";"JWP";"Michinoku Pro";"NEW";"NJPW";"NJPW/RevPro";"OTT";"NXT";"NOAH";"NWA";"PWG";"RevPro";"ROH";"SMW";"ROH/NJPW";"STARDOM";"TNA";"UWF";"WCW";"WCW/AAA";"West Coast";"Wrestlecon";"WWE";"WWF";"WWW"},{"1PW";"AAA";"AEW";"AEW/NJPW";"AJPW";"AJW";"BJW";"CMLL";"CWF";"Dragon Gate";"ECW";"JTO";"JWP";"Michinoku Pro";"NEW";"NJPW";"NJPW/RevPro";"OTT";"NXT";"NOAH";"NWA";"PWG";"RevPro";"ROH";"SMW";"ROH/NJPW";"STARDOM";"TNA";"UWF";"WCW";"WCW/AAA";"West Coast";"Wrestlecon";"WWE";"WWF";"WWW"}) -> AJPW | I76: AJPW Budokan Hall Show (December '97)
A77: ="ID" & (ROW(A77)-2) -> ID75 | B77: 5 | C77: July 29th | D77: 1993 | E77: Stan Hansen | F77: Kenta Kobashi | G77: =LOOKUP(I77,{"1PW";"AAA";"AEW";"AEW/NJPW";"AJPW";"AJW";"BJW";"CMLL";"CWF";"Dragon Gate";"ECW";"JTO";"JWP";"Michinoku Pro";"NEW";"NJPW";"NJPW/RevPro";"OTT";"NXT";"NOAH";"NWA";"PWG";"RevPro";"ROH";"SMW";"ROH/NJPW";"STARDOM";"TNA";"UWF";"WCW";"WCW/AAA";"West Coast";"Wrestlecon";"WWE";"WWF";"WWW"},{"1PW";"AAA";"AEW";"AEW/NJPW";"AJPW";"AJW";"BJW";"CMLL";"CWF";"Dragon Gate";"ECW";"JTO";"JWP";"Michinoku Pro";"NEW";"NJPW";"NJPW/RevPro";"OTT";"NXT";"NOAH";"NWA";"PWG";"RevPro";"ROH";"SMW";"ROH/NJPW";"STARDOM";"TNA";"UWF";"WCW";"WCW/AAA";"West Coast";"Wrestlecon";"WWE";"WWF";"WWW"}) -> AJPW | I77: AJPW Budokan Hall Show (July '93)
A78: ="ID" & (ROW(A78)-2) -> ID76 | B78: 5 | C78: June 8th | D78: 1990 | E78: Mitsuharu Misawa | F78: Jumbo Tsuruta | G78: =LOOKUP(I78,{"1PW";"AAA";"AEW";"AEW/NJPW";"AJPW";"AJW";"BJW";"CMLL";"CWF";"Dragon Gate";"ECW";"JTO";"JWP";"Michinoku Pro";"NEW";"NJPW";"NJPW/RevPro";"OTT";"NXT";"NOAH";"NWA";"PWG";"RevPro";"ROH";"SMW";"ROH/NJPW";"STARDOM";"TNA";"UWF";"WCW";"WCW/AAA";"West Coast";"Wrestlecon";"WWE";"WWF";"WWW"},{"1PW";"AAA";"AEW";"AEW/NJPW";"AJPW";"AJW";"BJW";"CMLL";"CWF";"Dragon Gate";"ECW";"JTO";"JWP";"Michinoku Pro";"NEW";"NJPW";"NJPW/RevPro";"OTT";"NXT";"NOAH";"NWA";"PWG";"RevPro";"ROH";"SMW";"ROH/NJPW";"STARDOM";"TNA";"UWF";"WCW";"WCW/AAA";"West Coast";"Wrestlecon";"WWE";"WWF";"WWW"}) -> AJPW | I78: AJPW Budokan Hall Show (June '90)
A79: ="ID" & (ROW(A79)-2) -> ID77 | B79: 5 | C79: June 3rd | D79: 1994 | E79: Mitsuharu Misawa | F79: Toshiaki Kawada | G79: =LOOKUP(I79,{"1PW";"AAA";"AEW";"AEW/NJPW";"AJPW";"AJW";"BJW";"CMLL";"CWF";"Dragon Gate";"ECW";"JTO";"JWP";"Michinoku Pro";"NEW";"NJPW";"NJPW/RevPro";"OTT";"NXT";"NOAH";"NWA";"PWG";"RevPro";"ROH";"SMW";"ROH/NJPW";"STARDOM";"TNA";"UWF";"WCW";"WCW/AAA";"West Coast";"Wrestlecon";"WWE";"WWF";"WWW"},{"1PW";"AAA";"AEW";"AEW/NJPW";"AJPW";"AJW";"BJW";"CMLL";"CWF";"Dragon Gate";"ECW";"JTO";"JWP";"Michinoku Pro";"NEW";"NJPW";"NJPW/RevPro";"OTT";"NXT";"NOAH";"NWA";"PWG";"RevPro";"ROH";"SMW";"ROH/NJPW";"STARDOM";"TNA";"UWF";"WCW";"WCW/AAA";"West Coast";"Wrestlecon";"WWE";"WWF";"WWW"}) -> AJPW | H79: Triple Crown Title | I79: AJPW Budokan Hall Show (June '94)
A80: ="ID" & (ROW(A80)-2) -> ID78 | B80: 5 | C80: June 9th | D80: 1995 | E80: Akira Taue, Toshiaki Kawada | F80: Kenta Kobashi, Mitsuharu Misawa | G80: =LOOKUP(I80,{"1PW";"AAA";"AEW";"AEW/NJPW";"AJPW";"AJW";"BJW";"CMLL";"CWF";"Dragon Gate";"ECW";"JTO";"JWP";"Michinoku Pro";"NEW";"NJPW";"NJPW/RevPro";"OTT";"NXT";"NOAH";"NWA";"PWG";"RevPro";"ROH";"SMW";"ROH/NJPW";"STARDOM";"TNA";"UWF";"WCW";"WCW/AAA";"West Coast";"Wrestlecon";"WWE";"WWF";"WWW"},{"1PW";"AAA";"AEW";"AEW/NJPW";"AJPW";"AJW";"BJW";"CMLL";"CWF";"Dragon Gate";"ECW";"JTO";"JWP";"Michinoku Pro";"NEW";"NJPW";"NJPW/RevPro";"OTT";"NXT";"NOAH";"NWA";"PWG";"RevPro";"ROH";"SMW";"ROH/NJPW";"STARDOM";"TNA";"UWF";"WCW";"WCW/AAA";"West Coast";"Wrestlecon";"WWE";"WWF";"WWW"}) -> AJPW | H80: AJPW World Tag Team Title | I80: AJPW Budokan Hall Show (June '95)
A81: ="ID" & (ROW(A81)-2) -> ID79 | B81: 5 | C81: June 7th | D81: 1996 | E81: Jun Akiyama, Mitsuharu Misawa | F81: Johnny Ace, Steve Williams | G81: =LOOKUP(I81,{"1PW";"AAA";"AEW";"AEW/NJPW";"AJPW";"AJW";"BJW";"CMLL";"CWF";"Dragon Gate";"ECW";"JTO";"JWP";"Michinoku Pro";"NEW";"NJPW";"NJPW/RevPro";"OTT";"NXT";"NOAH";"NWA";"PWG";"RevPro";"ROH";"SMW";"ROH/NJPW";"STARDOM";"TNA";"UWF";"WCW";"WCW/AAA";"West Coast";"Wrestlecon";"WWE";"WWF";"WWW"},{"1PW";"AAA";"AEW";"AEW/NJPW";"AJPW";"AJW";"BJW";"CMLL";"CWF";"Dragon Gate";"ECW";"JTO";"JWP";"Michinoku Pro";"NEW";"NJPW";"NJPW/RevPro";"OTT";"NXT";"NOAH";"NWA";"PWG";"RevPro";"ROH";"SMW";"ROH/NJPW";"STARDOM";"TNA";"UWF";"WCW";"WCW/AAA";"West Coast";"Wrestlecon";"WWE";"WWF";"WWW"}) -> AJPW | H81: AJPW World Tag Team Title | I81: AJPW Budokan Hall Show (June '96)
A82: ="ID" & (ROW(A82)-2) -> ID80 | B82: 5 | C82: June 6th | D82: 1997 | E82: Mitsuharu Misawa | F82: Toshiaki Kawada | G82: =LOOKUP(I82,{"1PW";"AAA";"AEW";"AEW/NJPW";"AJPW";"AJW";"BJW";"CMLL";"CWF";"Dragon Gate";"ECW";"JTO";"JWP";"Michinoku Pro";"NEW";"NJPW";"NJPW/RevPro";"OTT";"NXT";"NOAH";"NWA";"PWG";"RevPro";"ROH";"SMW";"ROH/NJPW";"STARDOM";"TNA";"UWF";"WCW";"WCW/AAA";"West Coast";"Wrestlecon";"WWE";"WWF";"WWW"},{"1PW";"AAA";"AEW";"AEW/NJPW";"AJPW";"AJW";"BJW";"CMLL";"CWF";"Dragon Gate";"ECW";"JTO";"JWP";"Michinoku Pro";"NEW";"NJPW";"NJPW/RevPro";"OTT";"NXT";"NOAH";"NWA";"PWG";"RevPro";"ROH";"SMW";"ROH/NJPW";"STARDOM";"TNA";"UWF";"WCW";"WCW/AAA";"West Coast";"Wrestlecon";"WWE";"WWF";"WWW"}) -> AJPW | I82: AJPW Budokan Hall Show (June '97)
A83: ="ID" & (ROW(A83)-2) -> ID81 | B83: 5 | C83: June 11th | D83: 1999 | E83: Mitsuharu Misawa | F83: Kenta Kobashi | G83: =LOOKUP(I83,{"1PW";"AAA";"AEW";"AEW/NJPW";"AJPW";"AJW";"BJW";"CMLL";"CWF";"Dragon Gate";"ECW";"JTO";"JWP";"Michinoku Pro";"NEW";"NJPW";"NJPW/RevPro";"OTT";"NXT";"NOAH";"NWA";"PWG";"RevPro";"ROH";"SMW";"ROH/NJPW";"STARDOM";"TNA";"UWF";"WCW";"WCW/AAA";"West Coast";"Wrestlecon";"WWE";"WWF";"WWW"},{"1PW";"AAA";"AEW";"AEW/NJPW";"AJPW";"AJW";"BJW";"CMLL";"CWF";"Dragon Gate";"ECW";"JTO";"JWP";"Michinoku Pro";"NEW";"NJPW";"NJPW/RevPro";"OTT";"NXT";"NOAH";"NWA";"PWG";"RevPro";"ROH";"SMW";"ROH/NJPW";"STARDOM";"TNA";"UWF";"WCW";"WCW/AAA";"West Coast";"Wrestlecon";"WWE";"WWF";"WWW"}) -> AJPW | H83: Triple Crown Title | I83: AJPW Budokan Hall Show (June '99)
A84: ="ID" & (ROW(A84)-2) -> ID82 | B84: 5 | C84: April 14th | D84: 1993 | E84: Toshiaki Kawada | F84: Kenta Kobashi | G84: =LOOKUP(I84,{"1PW";"AAA";"AEW";"AEW/NJPW";"AJPW";"AJW";"BJW";"CMLL";"CWF";"Dragon Gate";"ECW";"JTO";"JWP";"Michinoku Pro";"NEW";"NJPW";"NJPW/RevPro";"OTT";"NXT";"NOAH";"NWA";"PWG";"RevPro";"ROH";"SMW";"ROH/NJPW";"STARDOM";"TNA";"UWF";"WCW";"WCW/AAA";"West Coast";"Wrestlecon";"WWE";"WWF";"WWW"},{"1PW";"AAA";"AEW";"AEW/NJPW";"AJPW";"AJW";"BJW";"CMLL";"CWF";"Dragon Gate";"ECW";"JTO";"JWP";"Michinoku Pro";"NEW";"NJPW";"NJPW/RevPro";"OTT";"NXT";"NOAH";"NWA";"PWG";"RevPro";"ROH";"SMW";"ROH/NJPW";"STARDOM";"TNA";"UWF";"WCW";"WCW/AAA";"West Coast";"Wrestlecon";"WWE";"WWF";"WWW"}) -> AJPW | I84: AJPW Champion Carnival '93 - Day 16
A85: ="ID" & (ROW(A85)-2) -> ID83 | B85: 5 | C85: March 4th | D85: 1995 | E85: Kenta Kobashi, Mitsuharu Misawa | F85: Johnny Ace, Steve Williams | G85: =LOOKUP(I85,{"1PW";"AAA";"AEW";"AEW/NJPW";"AJPW";"AJW";"BJW";"CMLL";"CWF";"Dragon Gate";"ECW";"JTO";"JWP";"Michinoku Pro";"NEW";"NJPW";"NJPW/RevPro";"OTT";"NXT";"NOAH";"NWA";"PWG";"RevPro";"ROH";"SMW";"ROH/NJPW";"STARDOM";"TNA";"UWF";"WCW";"WCW/AAA";"West Coast";"Wrestlecon";"WWE";"WWF";"WWW"},{"1PW";"AAA";"AEW";"AEW/NJPW";"AJPW";"AJW";"BJW";"CMLL";"CWF";"Dragon Gate";"ECW";"JTO";"JWP";"Michinoku Pro";"NEW";"NJPW";"NJPW/RevPro";"OTT";"NXT";"NOAH";"NWA";"PWG";"RevPro";"ROH";"SMW";"ROH/NJPW";"STARDOM";"TNA";"UWF";"WCW";"WCW/AAA";"West Coast";"Wrestlecon";"WWE";"WWF";"WWW"}) -> AJPW | H85: AJPW World Tag Team Title | I85: AJPW Excite Series '95 - Day 12
A86: ="ID" & (ROW(A86)-2) -> ID84 | B86: 5 | C86: April 20th | D86: 1991 | E86: Kenta Kobashi, Mitsuharu Misawa, Toshiaki Kawada | F86: Akira Taue, Jumbo Tsuruta, Masanobu Fuchi | G86: =LOOKUP(I86,{"1PW";"AAA";"AEW";"AEW/NJPW";"AJPW";"AJW";"BJW";"CMLL";"CWF";"Dragon Gate";"ECW";"JTO";"JWP";"Michinoku Pro";"NEW";"NJPW";"NJPW/RevPro";"OTT";"NXT";"NOAH";"NWA";"PWG";"RevPro";"ROH";"SMW";"ROH/NJPW";"STARDOM";"TNA";"UWF";"WCW";"WCW/AAA";"West Coast";"Wrestlecon";"WWE";"WWF";"WWW"},{"1PW";"AAA";"AEW";"AEW/NJPW";"AJPW";"AJW";"BJW";"CMLL";"CWF";"Dragon Gate";"ECW";"JTO";"JWP";"Michinoku Pro";"NEW";"NJPW";"NJPW/RevPro";"OTT";"NXT";"NOAH";"NWA";"PWG";"RevPro";"ROH";"SMW";"ROH/NJPW";"STARDOM";"TNA";"UWF";"WCW";"WCW/AAA";"West Coast";"Wrestlecon";"WWE";"WWF";"WWW"}) -> AJPW | I86: AJPW Fan Appreciation Day
A87: ="ID" & (ROW(A87)-2) -> ID85 | B87: 5 | C87: January 28th | D87: 1989 | E87: Jumbo Tsuruta, Masanobu Fuchi, Yoshiaki Yatsu | F87: Genichiro Tenryu, Samson Fuyuki, Toshiaki Kawada | G87: =LOOKUP(I87,{"1PW";"AAA";"AEW";"AEW/NJPW";"AJPW";"AJW";"BJW";"CMLL";"CWF";"Dragon Gate";"ECW";"JTO";"JWP";"Michinoku Pro";"NEW";"NJPW";"NJPW/RevPro";"OTT";"NXT";"NOAH";"NWA";"PWG";"RevPro";"ROH";"SMW";"ROH/NJPW";"STARDOM";"TNA";"UWF";"WCW";"WCW/AAA";"West Coast";"Wrestlecon";"WWE";"WWF";"WWW"},{"1PW";"AAA";"AEW";"AEW/NJPW";"AJPW";"AJW";"BJW";"CMLL";"CWF";"Dragon Gate";"ECW";"JTO";"JWP";"Michinoku Pro";"NEW";"NJPW";"NJPW/RevPro";"OTT";"NXT";"NOAH";"NWA";"PWG";"RevPro";"ROH";"SMW";"ROH/NJPW";"STARDOM";"TNA";"UWF";"WCW";"WCW/AAA";"West Coast";"Wrestlecon";"WWE";"WWF";"WWW"}) -> AJPW | I87: AJPW New Year Giant Series 1989 - Day 17
A88: ="ID" & (ROW(A88)-2) -> ID86 | B88: 5 | C88: January 29th | D88: 1994 | E88: Giant Baba, Kenta Kobashi, Mitsuharu Misawa | F88: Akira Taue, Masanobu Fuchi, Toshiaki Kawada | G88: =LOOKUP(I88,{"1PW";"AAA";"AEW";"AEW/NJPW";"AJPW";"AJW";"BJW";"CMLL";"CWF";"Dragon Gate";"ECW";"JTO";"JWP";"Michinoku Pro";"NEW";"NJPW";"NJPW/RevPro";"OTT";"NXT";"NOAH";"NWA";"PWG";"RevPro";"ROH";"SMW";"ROH/NJPW";"STARDOM";"TNA";"UWF";"WCW";"WCW/AAA";"West Coast";"Wrestlecon";"WWE";"WWF";"WWW"},{"1PW";"AAA";"AEW";"AEW/NJPW";"AJPW";"AJW";"BJW";"CMLL";"CWF";"Dragon Gate";"ECW";"JTO";"JWP";"Michinoku Pro";"NEW";"NJPW";"NJPW/RevPro";"OTT";"NXT";"NOAH";"NWA";"PWG";"RevPro";"ROH";"SMW";"ROH/NJPW";"STARDOM";"TNA";"UWF";"WCW";"WCW/AAA";"West Coast";"Wrestlecon";"WWE";"WWF";"WWW"}) -> AJPW | I88: AJPW New Year Giant Series '94 - Day 1
A89: ="ID" & (ROW(A89)-2) -> ID87 | B89: 5 | C89: January 19th | D89: 1995 | E89: Toshiaki Kawada | F89: Kenta Kobashi | G89: =LOOKUP(I89,{"1PW";"AAA";"AEW";"AEW/NJPW";"AJPW";"AJW";"BJW";"CMLL";"CWF";"Dragon Gate";"ECW";"JTO";"JWP";"Michinoku Pro";"NEW";"NJPW";"NJPW/RevPro";"OTT";"NXT";"NOAH";"NWA";"PWG";"RevPro";"ROH";"SMW";"ROH/NJPW";"STARDOM";"TNA";"UWF";"WCW";"WCW/AAA";"West Coast";"Wrestlecon";"WWE";"WWF";"WWW"},{"1PW";"AAA";"AEW";"AEW/NJPW";"AJPW";"AJW";"BJW";"CMLL";"CWF";"Dragon Gate";"ECW";"JTO";"JWP";"Michinoku Pro";"NEW";"NJPW";"NJPW/RevPro";"OTT";"NXT";"NOAH";"NWA";"PWG";"RevPro";"ROH";"SMW";"ROH/NJPW";"STARDOM";"TNA";"UWF";"WCW";"WCW/AAA";"West Coast";"Wrestlecon";"WWE";"WWF";"WWW"}) -> AJPW | H89: Triple Crown Title | I89: AJPW New Year Giant Series '95 - Day 14
A90: ="ID" & (ROW(A90)-2) -> ID88 | B90: 5 | C90: January 24th | D90: 1995 | E90: Kenta Kobashi, Mitsuharu Misawa | F90: Akira Taue, Toshiaki Kawada | G90: =LOOKUP(I90,{"1PW";"AAA";"AEW";"AEW/NJPW";"AJPW";"AJW";"BJW";"CMLL";"CWF";"Dragon Gate";"ECW";"JTO";"JWP";"Michinoku Pro";"NEW";"NJPW";"NJPW/RevPro";"OTT";"NXT";"NOAH";"NWA";"PWG";"RevPro";"ROH";"SMW";"ROH/NJPW";"STARDOM";"TNA";"UWF";"WCW";"WCW/AAA";"West Coast";"Wrestlecon";"WWE";"WWF";"WWW"},{"1PW";"AAA";"AEW";"AEW/NJPW";"AJPW";"AJW";"BJW";"CMLL";"CWF";"Dragon Gate";"ECW";"JTO";"JWP";"Michinoku Pro";"NEW";"NJPW";"NJPW/RevPro";"OTT";"NXT";"NOAH";"NWA";"PWG";"RevPro";"ROH";"SMW";"ROH/NJPW";"STARDOM";"TNA";"UWF";"WCW";"WCW/AAA";"West Coast";"Wrestlecon";"WWE";"WWF";"WWW"}) -> AJPW | H90: AJPW World Tag Team Title | I90: AJPW New Year Giant Series '95 - Day 17
A91: ="ID" & (ROW(A91)-2) -> ID89 | B91: 5 | C91: January 28th | D91: 1986 | E91: Genichiro Tenryu, Jumbo Tsuruta | F91: Riki Choshu, Yoshiaki Yatsu | G91: =LOOKUP(I91,{"1PW";"AAA";"AEW";"AEW/NJPW";"AJPW";"AJW";"BJW";"CMLL";"CWF";"Dragon Gate";"ECW";"JTO";"JWP";"Michinoku Pro";"NEW";"NJPW";"NJPW/RevPro";"OTT";"NXT";"NOAH";"NWA";"PWG";"RevPro";"ROH";"SMW";"ROH/NJPW";"STARDOM";"TNA";"UWF";"WCW";"WCW/AAA";"West Coast";"Wrestlecon";"WWE";"WWF";"WWW"},{"1PW";"AAA";"AEW";"AEW/NJPW";"AJPW";"AJW";"BJW";"CMLL";"CWF";"Dragon Gate";"ECW";"JTO";"JWP";"Michinoku Pro";"NEW";"NJPW";"NJPW/RevPro";"OTT";"NXT";"NOAH";"NWA";"PWG";"RevPro";"ROH";"SMW";"ROH/NJPW";"STARDOM";"TNA";"UWF";"WCW";"WCW/AAA";"West Coast";"Wrestlecon";"WWE";"WWF";"WWW"}) -> AJPW | H91: NWA International Tag Team Title | I91: AJPW New Year Wars Super Battle '86 - Day 25
A92: ="ID" & (ROW(A92)-2) -> ID90 | B92: 5 | C92: October 19th | D92: 1990 | E92: Akira Taue, Jumbo Tsuruta, Masanobu Fuchi | F92: Kenta Kobashi, Mitsuharu Misawa, Toshiaki Kawada | G92: =LOOKUP(I92,{"1PW";"AAA";"AEW";"AEW/NJPW";"AJPW";"AJW";"BJW";"CMLL";"CWF";"Dragon Gate";"ECW";"JTO";"JWP";"Michinoku Pro";"NEW";"NJPW";"NJPW/RevPro";"OTT";"NXT";"NOAH";"NWA";"PWG";"RevPro";"ROH";"SMW";"ROH/NJPW";"STARDOM";"TNA";"UWF";"WCW";"WCW/AAA";"West Coast";"Wrestlecon";"WWE";"WWF";"WWW"},{"1PW";"AAA";"AEW";"AEW/NJPW";"AJPW";"AJW";"BJW";"CMLL";"CWF";"Dragon Gate";"ECW";"JTO";"JWP";"Michinoku Pro";"NEW";"NJPW";"NJPW/RevPro";"OTT";"NXT";"NOAH";"NWA";"PWG";"RevPro";"ROH";"SMW";"ROH/NJPW";"STARDOM";"TNA";"UWF";"WCW";"WCW/AAA";"West Coast";"Wrestlecon";"WWE";"WWF";"WWW"}) -> AJPW | I92: AJPW Octoberober Giant Series '90 - Day 16
A93: ="ID" & (ROW(A93)-2) -> ID91 | B93: 5 | C93: September 30th | D93: 1990 | E93: Mitsuharu Misawa, Toshiaki Kawada | F93: Akira Taue, Jumbo Tsuruta | G93: =LOOKUP(I93,{"1PW";"AAA";"AEW";"AEW/NJPW";"AJPW";"AJW";"BJW";"CMLL";"CWF";"Dragon Gate";"ECW";"JTO";"JWP";"Michinoku Pro";"NEW";"NJPW";"NJPW/RevPro";"OTT";"NXT";"NOAH";"NWA";"PWG";"RevPro";"ROH";"SMW";"ROH/NJPW";"STARDOM";"TNA";"UWF";"WCW";"WCW/AAA";"West Coast";"Wrestlecon";"WWE";"WWF";"WWW"},{"1PW";"AAA";"AEW";"AEW/NJPW";"AJPW";"AJW";"BJW";"CMLL";"CWF";"Dragon Gate";"ECW";"JTO";"JWP";"Michinoku Pro";"NEW";"NJPW";"NJPW/RevPro";"OTT";"NXT";"NOAH";"NWA";"PWG";"RevPro";"ROH";"SMW";"ROH/NJPW";"STARDOM";"TNA";"UWF";"WCW";"WCW/AAA";"West Coast";"Wrestlecon";"WWE";"WWF";"WWW"}) -> AJPW | I93: AJPW Octoberober Giant Series '90 - Day 2
A94: ="ID" & (ROW(A94)-2) -> ID92 | B94: 5 | C94: October 23rd | D94: 1999 | E94: Jun Akiyama, Kenta Kobashi | F94: Mitsuharu Misawa, Yoshinari Ogawa | G94: =LOOKUP(I94,{"1PW";"AAA";"AEW";"AEW/NJPW";"AJPW";"AJW";"BJW";"CMLL";"CWF";"Dragon Gate";"ECW";"JTO";"JWP";"Michinoku Pro";"NEW";"NJPW";"NJPW/RevPro";"OTT";"NXT";"NOAH";"NWA";"PWG";"RevPro";"ROH";"SMW";"ROH/NJPW";"STARDOM";"TNA";"UWF";"WCW";"WCW/AAA";"West Coast";"Wrestlecon";"WWE";"WWF";"WWW"},{"1PW";"AAA";"AEW";"AEW/NJPW";"AJPW";"AJW";"BJW";"CMLL";"CWF";"Dragon Gate";"ECW";"JTO";"JWP";"Michinoku Pro";"NEW";"NJPW";"NJPW/RevPro";"OTT";"NXT";"NOAH";"NWA";"PWG";"RevPro";"ROH";"SMW";"ROH/NJPW";"STARDOM";"TNA";"UWF";"WCW";"WCW/AAA";"West Coast";"Wrestlecon";"WWE";"WWF";"WWW"}) -> AJPW | H94: AJPW World Tag Team Title | I94: AJPW Octoberober Giant Series '99 - Day 11
A95: ="ID" & (ROW(A95)-2) -> ID93 | B95: 5 | C95: December 16th | D95: 1988 | E95: Stan Hansen, Terry Gordy | F95: Genichiro Tenryu, Toshiaki Kawada | G95: =LOOKUP(I95,{"1PW";"AAA";"AEW";"AEW/NJPW";"AJPW";"AJW";"BJW";"CMLL";"CWF";"Dragon Gate";"ECW";"JTO";"JWP";"Michinoku Pro";"NEW";"NJPW";"NJPW/RevPro";"OTT";"NXT";"NOAH";"NWA";"PWG";"RevPro";"ROH";"SMW";"ROH/NJPW";"STARDOM";"TNA";"UWF";"WCW";"WCW/AAA";"West Coast";"Wrestlecon";"WWE";"WWF";"WWW"},{"1PW";"AAA";"AEW";"AEW/NJPW";"AJPW";"AJW";"BJW";"CMLL";"CWF";"Dragon Gate";"ECW";"JTO";"JWP";"Michinoku Pro";"NEW";"NJPW";"NJPW/RevPro";"OTT";"NXT";"NOAH";"NWA";"PWG";"RevPro";"ROH";"SMW";"ROH/NJPW";"STARDOM";"TNA";"UWF";"WCW";"WCW/AAA";"West Coast";"Wrestlecon";"WWE";"WWF";"WWW"}) -> AJPW | H95: AJPW World Tag Team Title | I95: AJPW Real World Tag League 1988 - Day 22
A96: ="ID" & (ROW(A96)-2) -> ID94 | B96: 5 | C96: December 8th | D96: 1984 | E96: Bruiser Brody, Stan Hansen | F96: Dory Funk, Jr., Terry Funk | G96: =LOOKUP(I96,{"1PW";"AAA";"AEW";"AEW/NJPW";"AJPW";"AJW";"BJW";"CMLL";"CWF";"Dragon Gate";"ECW";"JTO";"JWP";"Michinoku Pro";"NEW";"NJPW";"NJPW/RevPro";"OTT";"NXT";"NOAH";"NWA";"PWG";"RevPro";"ROH";"SMW";"ROH/NJPW";"STARDOM";"TNA";"UWF";"WCW";"WCW/AAA";"West Coast";"Wrestlecon";"WWE";"WWF";"WWW"},{"1PW";"AAA";"AEW";"AEW/NJPW";"AJPW";"AJW";"BJW";"CMLL";"CWF";"Dragon Gate";"ECW";"JTO";"JWP";"Michinoku Pro";"NEW";"NJPW";"NJPW/RevPro";"OTT";"NXT";"NOAH";"NWA";"PWG";"RevPro";"ROH";"SMW";"ROH/NJPW";"STARDOM";"TNA";"UWF";"WCW";"WCW/AAA";"West Coast";"Wrestlecon";"WWE";"WWF";"WWW"}) -> AJPW | I96: AJPW Real World Tag League '84 - Day 15
A97: ="ID" & (ROW(A97)-2) -> ID95 | B97: 5 | C97: July 5th | D97: 1992 | E97: Kenta Kobashi, Tsuyoshi Kikuchi | F97: Masanobu Fuchi, Yoshinari Ogawa | G97: =LOOKUP(I97,{"1PW";"AAA";"AEW";"AEW/NJPW";"AJPW";"AJW";"BJW";"CMLL";"CWF";"Dragon Gate";"ECW";"JTO";"JWP";"Michinoku Pro";"NEW";"NJPW";"NJPW/RevPro";"OTT";"NXT";"NOAH";"NWA";"PWG";"RevPro";"ROH";"SMW";"ROH/NJPW";"STARDOM";"TNA";"UWF";"WCW";"WCW/AAA";"West Coast";"Wrestlecon";"WWE";"WWF";"WWW"},{"1PW";"AAA";"AEW";"AEW/NJPW";"AJPW";"AJW";"BJW";"CMLL";"CWF";"Dragon Gate";"ECW";"JTO";"JWP";"Michinoku Pro";"NEW";"NJPW";"NJPW/RevPro";"OTT";"NXT";"NOAH";"NWA";"PWG";"RevPro";"ROH";"SMW";"ROH/NJPW";"STARDOM";"TNA";"UWF";"WCW";"WCW/AAA";"West Coast";"Wrestlecon";"WWE";"WWF";"WWW"}) -> AJPW | H97: All Asia Tag Team Title | I97: AJPW Summer Action Series '92 - Day 2
A98: ="ID" & (ROW(A98)-2) -> ID96 | B98: 5 | C98: July 2nd | D98: 1993 | E98: Jun Akiyama, Kenta Kobashi, Mitsuharu Misawa | F98: Akira Taue, Toshiaki Kawada, Yoshinari Ogawa | G98: =LOOKUP(I98,{"1PW";"AAA";"AEW";"AEW/NJPW";"AJPW";"AJW";"BJW";"CMLL";"CWF";"Dragon Gate";"ECW";"JTO";"JWP";"Michinoku Pro";"NEW";"NJPW";"NJPW/RevPro";"OTT";"NXT";"NOAH";"NWA";"PWG";"RevPro";"ROH";"SMW";"ROH/NJPW";"STARDOM";"TNA";"UWF";"WCW";"WCW/AAA";"West Coast";"Wrestlecon";"WWE";"WWF";"WWW"},{"1PW";"AAA";"AEW";"AEW/NJPW";"AJPW";"AJW";"BJW";"CMLL";"CWF";"Dragon Gate";"ECW";"JTO";"JWP";"Michinoku Pro";"NEW";"NJPW";"NJPW/RevPro";"OTT";"NXT";"NOAH";"NWA";"PWG";"RevPro";"ROH";"SMW";"ROH/NJPW";"STARDOM";"TNA";"UWF";"WCW";"WCW/AAA";"West Coast";"Wrestlecon";"WWE";"WWF";"WWW"}) -> AJPW | I98: AJPW Summer Action Series '93 - Day 1
A99: ="ID" & (ROW(A99)-2) -> ID97 | B99: 5 | C99: August 31st | D99: 1993 | E99: Steve Williams | F99: Kenta Kobashi | G99: =LOOKUP(I99,{"1PW";"AAA";"AEW";"AEW/NJPW";"AJPW";"AJW";"BJW";"CMLL";"CWF";"Dragon Gate";"ECW";"JTO";"JWP";"Michinoku Pro";"NEW";"NJPW";"NJPW/RevPro";"OTT";"NXT";"NOAH";"NWA";"PWG";"RevPro";"ROH";"SMW";"ROH/NJPW";"STARDOM";"TNA";"UWF";"WCW";"WCW/AAA";"West Coast";"Wrestlecon";"WWE";"WWF";"WWW"},{"1PW";"AAA";"AEW";"AEW/NJPW";"AJPW";"AJW";"BJW";"CMLL";"CWF";"Dragon Gate";"ECW";"JTO";"JWP";"Michinoku Pro";"NEW";"NJPW";"NJPW/RevPro";"OTT";"NXT";"NOAH";"NWA";"PWG";"RevPro";"ROH";"SMW";"ROH/NJPW";"STARDOM";"TNA";"UWF";"WCW";"WCW/AAA";"West Coast";"Wrestlecon";"WWE";"WWF";"WWW"}) -> AJPW | I99: AJPW Summer Action Series '93 - Day 10
A100: ="ID" & (ROW(A100)-2) -> ID98 | B100: 5 | C100: June 30th | D100: 1995 | E100: Kenta Kobashi, Mitsuharu Misawa, Satoru Asako | F100: Akira Taue, Tamon Honda, Toshiaki Kawada | G100: =LOOKUP(I100,{"1PW";"AAA";"AEW";"AEW/NJPW";"AJPW";"AJW";"BJW";"CMLL";"CWF";"Dragon Gate";"ECW";"JTO";"JWP";"Michinoku Pro";"NEW";"NJPW";"NJPW/RevPro";"OTT";"NXT";"NOAH";"NWA";"PWG";"RevPro";"ROH";"SMW";"ROH/NJPW";"STARDOM";"TNA";"UWF";"WCW";"WCW/AAA";"West Coast";"Wrestlecon";"WWE";"WWF";"WWW"},{"1PW";"AAA";"AEW";"AEW/NJPW";"AJPW";"AJW";"BJW";"CMLL";"CWF";"Dragon Gate";"ECW";"JTO";"JWP";"Michinoku Pro";"NEW";"NJPW";"NJPW/RevPro";"OTT";"NXT";"NOAH";"NWA";"PWG";"RevPro";"ROH";"SMW";"ROH/NJPW";"STARDOM";"TNA";"UWF";"WCW";"WCW/AAA";"West Coast";"Wrestlecon";"WWE";"WWF";"WWW"}) -> AJPW | I100: AJPW Summer Action Series '95 - Day 1
...

Sheet Attendance Stats
A1: WRESTLING OBSERVER NEWSLETTER RATINGS. Attendance/City&Country/Venue
A2: ID | B2: Show Name | C2: Date | D2: Attendance | E2: City | F2: Country | G2: Venue | H2: Promotion | I2: * Red box and '0' for possible covid restrictions | J2: * Yellow Box for lack of information | K2: =COUNTIF(G3:G502, "Tokyo Dome") -> 26
A3: ID1 | B3: AEW All In: London | C3: August 27th | D3: 81035 | E3: London | F3: UK | G3: Wembley Stadium | H3: AEW
A4: ID2 | B4: AEW All In: London | C4: August 27th | D4: 81035 | E4: London | F4: UK | G4: Wembley Stadium | H4: AEW
A5: ID3 | B5: WWE WrestleMania 39 - Night 2 | C5: April 2nd | D5: 67553 | E5: Inglewood | F5: USA | G5: SoFi Stadium | H5: WWE
A6: ID4 | B6: WWE WrestleMania 39 - Night 1 | C6: April 1st | D6: 67303 | E6: Inglewood | F6: USA | G6: SoFi Stadium | H6: WWE
A7: ID5 | B7: WWE WrestleMania 39 - Night 1 | C7: April 1st | D7: 67303 | E7: Inglewood | F7: USA | G7: SoFi Stadium | H7: WWE
A8: ID6 | B8: WWE Clash At The Castle | C8: September 3rd | D8: 62,296 | E8: Cardiff | F8: UK | G8: Principality Stadium | H8: WWE
A9: ID7 | B9: AJPW 25th Anniversary Show | C9: October 31st | D9: 58300 | E9: Tokyo | F9: Japan | G9: Tokyo Dome | H9: AJPW
A10: ID8 | B10: NOAH Departure '04 | C10: July 10th | D10: 58,000 | E10: Tokyo | F10: Japan | G10: Tokyo Dome | H10: NOAH
A11: ID9 | B11: WWE Royal Rumble '17 | C11: January 29th | D11: 52,020 | E11: San Antonio | F11: USA | G11: Alamodome | H11: WWE
A12: ID10 | B12: NJPW WrestleKingdom 12 | C12: January 4th | D12: 43,000 | E12: Tokyo | F12: Japan | G12: Tokyo Dome | H12: NJPW
A13: ID11 | B13: AJW Big Egg Universe | C13: November 20th | D13: 42500 | E13: Tokyo | F13: Japan | G13: Tokyo Dome | H13: AJW
A14: ID12 | B14: NJPW Wrestle Kingdom 14 - Day 1 | C14: January 4th | D14: 40,008 | E14: Tokyo | F14: Japan | G14: Tokyo Dome | H14: NJPW
A15: ID13 | B15: NJPW Wrestle Kingdom 14 - Day 1 | C15: January 4th | D15: 40,008 | E15: Tokyo | F15: Japan | G15: Tokyo Dome | H15: NJPW
A16: ID14 | B16: NJPW WrestleKingdom 13 | C16: January 4th | D16: 38,162 | E16: Tokyo | F16: Japan | G16: Tokyo Dome | H16: NJPW
A17: ID15 | B17: NJPW WrestleKingdom 13 | C17: January 4th | D17: 38162 | E17: Tokyo | F17: Japan | G17: Tokyo Dome | H17: NJPW
A18: ID16 | B18: NJPW WrestleKingdom 13 | C18: January 4th | D18: 38,162 | E18: Tokyo | F18: Japan | G18: Tokyo Dome | H18: NJPW
A19: ID17 | B19: NJPW Wrestle Kingdom 9 | C19: January 4th | D19: 36,000 | E19: Tokyo | F19: Japan | G19: Tokyo Dome | H19: NJPW
A20: ID18 | B20: NJPW Wrestle Kingdom 9 | C20: January 4th | D20: 36,000 | E20: Tokyo | F20: Japan | G20: Tokyo Dome | H20: NJPW
A21: ID19 | B21: NJPW WrestleKingdom 12 | C21: January 4th | D21: 34995 | E21: Tokyo | F21: Japan | G21: Tokyo Dome | H21: NJPW
A22: ID20 | B22: NOAH Keiji Muto Grand Final Pro-Wrestling "Last" Love Hold Out | C22: Feburary 21st | D22: 30,069 | E22: Tokyo | F22: Japan | G22: Tokyo Dome | H22: NOAH
A23: ID21 | B23: NJPW Wrestle Kingdom 14 - Day 2 | C23: January 5th | D23: 30,063 | E23: Tokyo | F23: Japan | G23: Tokyo Dome | H23: NJPW
A24: ID22 | B24: NJPW Wrestle Kingdom XI | C24: January 4th | D24: 26,192 | E24: Tokyo | F24: Japan | G24: Tokyo Dome | H24: NJPW
A25: ID23 | B25: NJPW Wrestle Kingdom 17 | C25: January 4th | D25: 26085 | E25: Tokyo | F25: Japan | G25: Tokyo Dome | H25: NJPW
A26: ID24 | B26: NJPW Wrestle Kingdom 10 | C26: January 4th | D26: 25,204 | E26: Tokyo | F26: Japan | G26: Tokyo Dome | H26: NJPW
A27: ID25 | B27: NJPW Wrestle Kingdom 10 | C27: January 4th | D27: 25,204 | E27: Tokyo | F27: Japan | G27: Tokyo Dome | H27: NJPW
A28: ID26 | B28: WWF SummerSlam '94 | C28: August 29th | D28: 23,300 | E28: Chicago | F28: USA | G28: United Center | H28: WWF
A29: ID27 | B29: WWE Crown Jewel 2021 | C29: October 21st | D29: 22000 | E29: Riyadh | F29: Saudi Arabia | G29: Mohammed Abdu Arena On The Boulevard | H29: WWE
A30: ID28 | B30: WWF In Your House 18: Badd Blood | C30: October 5th | D30: 21,151 | E30: St. Louis | F30: USA | G30: Kiel Center | H30: WWF
A31: ID29 | B31: AEW Dynamite #103 - Grand Slam | C31: September 22nd | D31: 20,177 | E31: New York City | F31: USA | G31: Arthur Ashe Stadium | H31: AEW
A32: ID30 | B32: WWF WrestleMania 13 | C32: March 23rd | D32: 18,197 | E32: Rosemont | F32: USA | G32: Rosemont Horizon | H32: WWF
A33: ID31 | B33: WWF WrestleMania X | C33: March 20th | D33: 18065 | E33: New York City | F33: USA | G33: Madison Square Garden | H33: WWF
A34: ID32 | B34: NWA Jim Crockett Sr. Memorial Cup '87 - Day 2 | C34: April 11th | D34: 18,000 | E34: Baltimore | F34: USA | G34: Baltimore Arena | H34: NWA
A35: ID33 | B35: NJPW G1 Climax 24 - Day 12 Finals | C35: August 10th | D35: 18,000 | E35: Tokorozawa | F35: Japan | G35: Seibu Dome | H35: NJPW
A36: ID34 | B36: WWE Royal Rumble '15 | C36: January 25th | D36: 17,164 | E36: Philadelphia | F36: USA | G36: Wells Fargo Center | H36: WWE
A37: ID35 | B37: NOAH Navigate for Evolution '03 - Day 9 | C37: March 1st | D37: 16700 | E37: Tokyo | F37: Japan | G37: Nippon Budokan | H37: NOAH
A38: ID36 | B38: ROH/NJPW G1 SuperCard | C38: April 6th | D38: 16,534 | E38: New York City | F38: USA | G38: Madison Square Garden | H38: NJPW/ROH
A39: ID37 | B39: AJW Dream Slam 1 | C39: April 2nd | D39: 16500 | E39: Yokohama | F39: Japan | G39: Yokohama Arena | H39: AJW
A40: ID38 | B40: AJW Dream Slam 1 | C40: April 2nd | D40: 16500 | E40: Yokohama | F40: Japan | G40: Yokohama Arena | H40: AJW
A41: ID39 | B41: AAA TripleMania XXX: Tijuana | C41: June 18th | D41: 16400 | E41: Mexico City | F41: Mexico | G41: Estadio Caliente Xoloitzcuintles | H41: AAA
A42: ID40 | B42: AJPW Budokan Hall Show (April '95) | C42: April 15th | D42: 16300 | E42: Tokyo | F42: Japan | G42: Nippon Budokan | H42: AJPW
A43: ID41 | B43: AJPW Budokan Hall Show (December '93) | C43: December 3rd | D43: 16300 | E43: Tokyo | F43: Japan | G43: Nippon Budokan | H43: AJPW
A44: ID42 | B44: AJPW Budokan Hall Show (December '96) | C44: December 6th | D44: 16300 | E44: Tokyo | F44: Japan | G44: Nippon Budokan | H44: AJPW
A45: ID43 | B45: AJPW Budokan Hall Show (July '93) | C45: July 29th | D45: 16300 | E45: Tokyo | F45: Japan | G45: Nippon Budokan | H45: AJPW
A46: ID44 | B46: AJPW Budokan Hall Show (June '94) | C46: June 3rd | D46: 16300 | E46: Tokyo | F46: Japan | G46: Nippon Budokan | H46: AJPW
A47: ID45 | B47: AJPW Budokan Hall Show (June '95) | C47: June 9th | D47: 16300 | E47: Tokyo | F47: Japan | G47: Nippon Budokan | H47: AJPW
A48: ID46 | B48: AJPW Budokan Hall Show (June '99) | C48: June 11th | D48: 16300 | E48: Tokyo | F48: Japan | G48: Nippon Budokan | H48: AJPW
A49: ID47 | B49: AJPW Excite Series '95 - Day 12 | C49: March 4th | D49: 16300 | E49: Tokyo | F49: Japan | G49: Nippon Budokan | H49: AJPW
A50: ID48 | B50: WWE SummerSlam '17 | C50: August 20th | D50: 16,128 | E50: Brooklyn | F50: USA | G50: Barclays Center | H50: WWE
A51: ID49 | B51: NWA The Great American Bash '87 (FL) | C51: July 31st | D51: 16,000 | E51: Miami | F51: USA | G51: Orange Bowl | H51: NWA
A52: ID50 | B52: AEW/NJPW Forbidden Door | C52: June 26th | D52: 16,000 | E52: Chicago | F52: USA | G52: United Center | H52: AEW/NJPW
A53: ID51 | B53: AEW/NJPW Forbidden Door | C53: June 26th | D53: 16000 | E53: Chicago | F53: USA | G53: United Center | H53: AEW/NJPW
A54: ID52 | B54: CMLL 90th Anniversary Show | C54: September 16th | D54: 16,000 | E54: Mexico City | F54: Mexico | G54: Arena Mexico | H54: CMLL
A55: ID53 | B55: CMLL 90th Anniversary Show | C55: September 16th | D55: 16,000 | E55: Mexico City | F55: Mexico | G55: Arena Mexico | H55: CMLL
A56: ID54 | B56: NXT TakeOver: New York | C56: April 5th | D56: 15,697 | E56: New York | F56: USA | G56: Barclays Center | H56: NXT
A57: ID55 | B57: NXT TakeOver: New York | C57: April 5th | D57: 15697 | E57: Brooklyn | F57: USA | G57: Barclays Center | H57: NXT
A58: ID56 | B58: AJPW Budokan Hall Show (December '97) | C58: December 5th | D58: 15,500 | E58: Tokyo | F58: Japan | G58: Nippon Budokan | H58: AJPW
A59: ID57 | B59: AJPW Budokan Hall Show (June '97) | C59: June 6th | D59: 15,500 | E59: Tokyo | F59: Japan | G59: Nippon Budokan | H59: AJPW
A60: ID58 | B60: AJPW Super Power Series 1989 - Day 18 | C60: June 5th | D60: 15,200 | E60: Tokyo | F60: Japan | G60: Nippon Budokan | H60: AJPW
A61: ID59 | B61: AEW/NJPW Forbidden Door 2023 | C61: June 25th | D61: 14826 | E61: Toronto | F61: Canada | G61: Scotiabank Arena | H61: AEW/NJPW
A62: ID60 | B62: WWE Money in the Bank '11 | C62: July 17th | D62: 14,815 | E62: Rosemont | F62: USA | G62: Allstate Arena | H62: WWE
A63: ID61 | B63: AJPW Budokan Hall Show (June '90) | C63: June 8th | D63: 14,800 | E63: Tokyo | F63: Japan | G63: Nippon Budokan | H63: AJPW
A64: ID62 | B64: AJW Destiny | C64: September 2nd | D64: 14,800 | E64: Tokyo | F64: Japan | G64: Nippon Budokan | H64: AJW
A65: ID63 | B65: WWE Elimination Chamber 2023 | C65: Feburary 18th | D65: 14651 | E65: Montreal | F65: Canada | G65: Bell Centre | H65: WWE
A66: ID64 | B66: WWE Money in the Bank 2021 | C66: July 18th | D66: 14,541 | E66: Fort Worth | F66: USA | G66: Dickies Arena | H66: WWE
A67: ID65 | B67: AJPW Budokan Hall Show (June '96) | C67: June 7th | D67: 14,500 | E67: Tokyo | F67: Japan | G67: Nippon Budokan | H67: AJPW
A68: ID66 | B68: AEW Double Or Nothing 2022 | C68: May 29th | D68: 14,459 | E68: Las Vegas | F68: USA | G68: T-Mobile Arena | H68: AEW
A69: ID67 | B69: AAA TripleMania XXX: Mexico City | C69: October 15th | D69: 14100 | E69: Mexico City | F69: Mexico | G69: Mexico City | H69: AAA
A70: ID68 | B70: NJPW Best of the Super Juniors IV - Day 17 | C70: June 5th | D70: 14,000 | E70: Tokyo | F70: Japan | G70: Nippon Budokan | H70: NJPW
A71: ID69 | B71: NJPW Sumo Hall Show (April '83) | C71: April 21st | D71: 14,000 | E71: Tokyo | F71: Japan | G71: Ryogoku Kokugikan | H71: NJPW
A72: ID70 | B72: NXT Takeover: New Orleans | C72: April 7th | D72: 13,995 | E72: New Orleans | F72: USA | G72: Smoothie King Center | H72: NXT
A73: ID71 | B73: NXT Takeover: New Orleans | C73: April 7th | D73: 13995 | E73: New Orleans | F73: USA | G73: Smoothie King Center | H73: NXT
A74: ID72 | B74: AEW/NJPW Forbidden Door 2023 | C74: June 25th | D74: 13,632 | E74: Toronto | F74: Canada | G74: Scotiabank Arena | H74: AEW/NJPW
A75: ID73 | B75: AEW/NJPW Forbidden Door 2023 | C75: June 25th | D75: 13,631 | E75: Toronto | F75: Canada | G75: Scotiabank Arena | H75: AEW/NJPW
A76: ID74 | B76: NXT TakeOver: WarGames '18 | C76: November 17th | D76: 13,598 | E76: Los Angeles | F76: USA | G76: Staples Center | H76: NXT
A77: ID75 | B77: NXT TakeOver: WarGames '18 | C77: November 17th | D77: 13598 | E77: Los Angeles | F77: USA | G77: Staples Center | H77: NXT
A78: ID76 | B78: AJW Summer Night Festival in Budokan | C78: August 22nd | D78: 13,500 | E78: Tokyo | F78: Japan | G78: Nippon Budokan | H78: AJW
A79: ID77 | B79: NWA The Great American Bash '87 (GA) | C79: July 4th | D79: 13,500 | E79: Atlanta | F79: USA | G79: Omni Coliseum | H79: NWA
A80: ID78 | B80: WWE TLC: Tables, Ladders and Chairs '18 | C80: December 16th | D80: 13,408 | E80: San Jose | F80: USA | G80: Sap Center | H80: WWE
A81: ID79 | B81: NWA Jim Crockett Sr. Memorial Tag Team Tournament | C81: April 19th | D81: 13000 | E81: New Orleans | F81: USA | G81: Louisiana Superdome | H81: NWA
A82: ID80 | B82: WCW/AAA When Worlds Collide | C82: November 6th | D82: 13,000 | E82: Los Angeles | F82: USA | G82: Los Angeles Memorial Sports Arena | H82: WCW/AAA
A83: ID81 | B83: CMLL 82nd Anniversary Show | C83: September 18th | D83: 13,000 | E83: Mexico City | F83: Mexico | G83: Arena Mexico | H83: CMLL
A84: ID82 | B84: WWE Friday Night Smackdown | C84: December 16th | D84: 12,866 | E84: Rosemont | F84: USA | G84: Allstate Arena | H84: WWE
A85: ID83 | B85: WWE Hell In A Cell 2022 | C85: June 5th | D85: 12834 | E85: Rosemont | F85: USA | G85: Allstate Arena | H85: WWE
A86: ID84 | B86: AJPW Real World Tag League 1988 - Day 22 | C86: December 16th | D86: 12,700 | E86: Tokyo | F86: Japan | G86: Nippon Budokan | H86: AJPW
A87: ID85 | B87: NJPW Wrestle Kingdom 15 - Day 1 | C87: January 4th | D87: 12,689 | E87: Tokyo | F87: Japan | G87: Tokyo Dome | H87: NJPW
A88: ID86 | B88: NJPW Wrestle Kingdom 15 - Day 1 | C88: January 4th | D88: 12,689 | E88: Tokyo | F88: Japan | G88: Tokyo Dome | H88: NJPW
A89: ID87 | B89: NJPW G1 Climax 2018 - Day 19 | C89: August 12th | D89: 12112 | E89: Tokyo | F89: Japan | G89: Nippon Budokan | H89: NJPW
A90: ID88 | B90: NJPW Wrestle Kingdom 16 - Day 1 | C90: January 4th | D90: 12,047 | E90: Tokyo | F90: Japan | G90: Tokyo Dome | H90: NJPW
A91: ID89 | B91: NJPW G1 Climax 2018 - Day 18 | C91: August 11th | D91: 12,023 | E91: Tokyo | F91: Japan | G91: Nippon Budokan | H91: NJPW
A92: ID90 | B92: NJPW G1 Climax 2019 - Day 19: Finals | C92: August 12th | D92: 12,014 | E92: Tokyo | F92: Japan | G92: Nippon Budokan | H92: NJPW
A93: ID91 | B93: AEW Double Or Nothing | C93: May 25th | D93: 12000 | E93: Las Vegas | F93: USA | G93: MGM Grand Garden Arena | H93: AEW
A94: ID92 | B94: NJPW Dominion 6.9 In Osaka-Jo Hall | C94: June 9th | D94: 11,832 | E94: Osaka | F94: Japan | G94: Osaka-jō Hall | H94: NJPW
A95: ID93 | B95: NJPW Dominion 6.9 | C95: June 9th | D95: 11,832 | E95: Tokyo | F95: Japan | G95: Osaka-jō Hall | H95: NJPW
A96: ID94 | B96: NJPW Dominion 6.9 In Osaka-Jo Hall | C96: June 9th | D96: 11,832 | E96: Osaka | F96: Japan | G96: Osaka-jō Hall | H96: NJPW
A97: ID95 | B97: AEW Full Gear 2022 | C97: November 19th | D97: 11800 | E97: Newark | F97: USA | G97: Prudential Center | H97: AEW
A98: ID96 | B98: NJPW Dominion 6.11 | C98: June 11th | D98: 11,756 | E98: Osaka | F98: Japan | G98: Osaka-jō Hall | H98: NJPW
A99: ID97 | B99: NJPW Dominion 6.11 | C99: June 11th | D99: 11,756 | E99: Osaka | F99: Japan | G99: Osaka-jō Hall | H99: NJPW
A100: ID98 | B100: AJW Show | C100: December 6th | D100: 11,500 | E100: Tokyo | F100: Japan | G100: Ryogoku Kokugikan | H100: AJW
...

Sheet Show Search
K2: AEW
K3: October 6th
K4: Philadelphia
K5: 7,040

Sheet Wrestler Stats
A1: Wrestler | B1: No. of Appearences in Top 500 | C1: Highest Rating | D1: Wins | E1: Loses | F1: % Win Ratio
A2: Will Ospreay | B2: 29 | C2: 6.25 | D2: {=SUMPRODUCT(--(ISNUMBER(SEARCH(A$2,'Star Ratings (TOP 500)'!$E$2:$E$502))))} -> 45 | E2: {=SUMPRODUCT(--(ISNUMBER(SEARCH(A2,'Star Ratings (TOP 500)'!$F$2:$F$502))))} -> 25 | F2: =(D2 / $D$32) * 100% -> 0.12784091
A3: Kazuchika Okada | B3: 25 | C3: 7 | D3: {=SUMPRODUCT(--(ISNUMBER(SEARCH(A3,'Star Ratings (TOP 500)'!$E$2:$E$502))))} -> 36 | E3: {=SUMPRODUCT(--(ISNUMBER(SEARCH(A3,'Star Ratings (TOP 500)'!$F$2:$F$502))))} -> 23 | F3: =(D3 / $D$32) * 100% -> 0.10227273
A4: Kenny Omega | B4: 25 | C4: 7 | D4: 31 | E4: 18 | F4: =(D4 / $D$32) * 100% -> 0.088068182
A5: Mitsuharu Misawa | B5: 25 | C5: 5 | D5: {=SUMPRODUCT(--(ISNUMBER(SEARCH(A5,'Star Ratings (TOP 500)'!$E$2:$E$502))))} -> 18 | E5: {=SUMPRODUCT(--(ISNUMBER(SEARCH(A5,'Star Ratings (TOP 500)'!$F$2:$F$502))))} -> 6 | F5: =(D5 / $D$32) * 100% -> 0.051136364
A6: Kenta Kobashi | B6: 23 | C6: 5 | D6: {=SUMPRODUCT(--(ISNUMBER(SEARCH(A6,'Star Ratings (TOP 500)'!$E$2:$E$502))))} -> 15 | E6: {=SUMPRODUCT(--(ISNUMBER(SEARCH(A6,'Star Ratings (TOP 500)'!$F$2:$F$502))))} -> 8 | F6: =(D6 / $D$32) * 100% -> 0.042613636
A7: Toshiaki Kawada | B7: 21 | C7: 5 | D7: {=SUMPRODUCT(--(ISNUMBER(SEARCH(A7,'Star Ratings (TOP 500)'!$E$2:$E$502))))} -> 9 | E7: {=SUMPRODUCT(--(ISNUMBER(SEARCH(A7,'Star Ratings (TOP 500)'!$F$2:$F$502))))} -> 12 | F7: =(D7 / $D$32) * 100% -> 0.025568182
A8: Shingo Takagi | B8: 17 | C8: 6 | D8: {=SUMPRODUCT(--(ISNUMBER(SEARCH(A8,'Star Ratings (TOP 500)'!$E$2:$E$502))))} -> 15 | E8: {=SUMPRODUCT(--(ISNUMBER(SEARCH(A8,'Star Ratings (TOP 500)'!$F$2:$F$502))))} -> 13 | F8: =(D8 / $D$32) * 100% -> 0.042613636
A9: Hiroshi Tanahashi | B9: 16 | C9: 5.75 | D9: {=SUMPRODUCT(--(ISNUMBER(SEARCH(A9,'Star Ratings (TOP 500)'!$E$2:$E$502))))} -> 17 | E9: {=SUMPRODUCT(--(ISNUMBER(SEARCH(A9,'Star Ratings (TOP 500)'!$F$2:$F$502))))} -> 17 | F9: =(D9 / $D$32) * 100% -> 0.048295455
A10: Akira Taue | B10: 15 | C10: 5 | D10: {=SUMPRODUCT(--(ISNUMBER(SEARCH(A10,'Star Ratings (TOP 500)'!$E$2:$E$502))))} -> 4 | E10: {=SUMPRODUCT(--(ISNUMBER(SEARCH(A10,'Star Ratings (TOP 500)'!$F$2:$F$502))))} -> 11 | F10: =(D10 / $D$32) * 100% -> 0.011363636
A11: Kota Ibushi | B11: 13 | C11: 5.75 | D11: {=SUMPRODUCT(--(ISNUMBER(SEARCH(A11,'Star Ratings (TOP 500)'!$E$2:$E$502))))} -> 19 | E11: {=SUMPRODUCT(--(ISNUMBER(SEARCH(A11,'Star Ratings (TOP 500)'!$F$2:$F$502))))} -> 14 | F11: =(D11 / $D$32) * 100% -> 0.053977273
A12: Manami Toyota | B12: 13 | C12: 5 | D12: {=SUMPRODUCT(--(ISNUMBER(SEARCH(A12,'Star Ratings (TOP 500)'!$E$2:$E$502))))} -> 7 | E12: {=SUMPRODUCT(--(ISNUMBER(SEARCH(A12,'Star Ratings (TOP 500)'!$F$2:$F$502))))} -> 6 | F12: =(D12 / $D$32) * 100% -> 0.019886364
A13: Ric Flair | B13: 12 | C13: 6 | D13: {=SUMPRODUCT(--(ISNUMBER(SEARCH(A13,'Star Ratings (TOP 500)'!$E$2:$E$502))))} -> 6 | E13: {=SUMPRODUCT(--(ISNUMBER(SEARCH(A13,'Star Ratings (TOP 500)'!$F$2:$F$502))))} -> 6 | F13: =(D13 / $D$32) * 100% -> 0.017045455
A14: Matt Jackson | B14: 11 | C14: 6 | D14: {=SUMPRODUCT(--(ISNUMBER(SEARCH(A14,'Star Ratings (TOP 500)'!$E$2:$E$502))))} -> 15 | E14: {=SUMPRODUCT(--(ISNUMBER(SEARCH(A14,'Star Ratings (TOP 500)'!$F$2:$F$502))))} -> 17 | F14: =(D14 / $D$32) * 100% -> 0.042613636
A15: Nick Jackson | B15: 11 | C15: 6 | D15: {=SUMPRODUCT(--(ISNUMBER(SEARCH(A15,'Star Ratings (TOP 500)'!$E$2:$E$502))))} -> 15 | E15: {=SUMPRODUCT(--(ISNUMBER(SEARCH(A15,'Star Ratings (TOP 500)'!$F$2:$F$502))))} -> 18 | F15: =(D15 / $D$32) * 100% -> 0.042613636
A16: Tetsuya Naito | B16: 11 | C16: 6 | D16: {=SUMPRODUCT(--(ISNUMBER(SEARCH(A16,'Star Ratings (TOP 500)'!$E$2:$E$502))))} -> 13 | E16: {=SUMPRODUCT(--(ISNUMBER(SEARCH(A16,'Star Ratings (TOP 500)'!$F$2:$F$502))))} -> 9 | F16: =(D16 / $D$32) * 100% -> 0.036931818
... A27: Dax Harwood | B27: 6 | C27: 5.5 | D27: {=SUMPRODUCT(--(ISNUMBER(SEARCH(A27,'Star Ratings (TOP 500)'!$E$2:$E$502))))} -> 6 | E27: {=SUMPRODUCT(--(ISNUMBER(SEARCH(A27,'Star Ratings (TOP 500)'!$F$2:$F$502))))} -> 5 | F27: =(D27 / $D$32) * 100% -> 0.017045455
A28: Walter/Gunther | B28: 6 | C28: 5.25 | D28: 8 | E28: 1 | F28: =(D28 / $D$32) * 100% -> 0.022727273
A29: Toshiyo Yamada | B29: 6 | C29: 5 | D29: {=SUMPRODUCT(--(ISNUMBER(SEARCH(A29,'Star Ratings (TOP 500)'!$E$2:$E$502))))} -> 2 | E29: {=SUMPRODUCT(--(ISNUMBER(SEARCH(A29,'Star Ratings (TOP 500)'!$F$2:$F$502))))} -> 4 | F29: =(D29 / $D$32) * 100% -> 0.0056818182
A30: Adam Page | B30: 5 | C30: 6 | D30: {=SUMPRODUCT(--(ISNUMBER(SEARCH(A30,'Star Ratings (TOP 500)'!$E$2:$E$502))))} -> 8 | E30: {=SUMPRODUCT(--(ISNUMBER(SEARCH(A30,'Star Ratings (TOP 500)'!$F$2:$F$502))))} -> 2 | F30: =(D30 / $D$32) * 100% -> 0.022727273
A31: Ricky Steamboat | B31: 5 | C31: 6 | D31: {=SUMPRODUCT(--(ISNUMBER(SEARCH(A31,'Star Ratings (TOP 500)'!$E$2:$E$502))))} -> 4 | E31: {=SUMPRODUCT(--(ISNUMBER(SEARCH(A31,'Star Ratings (TOP 500)'!$F$2:$F$502))))} -> 1 | F31: =(D31 / $D$32) * 100% -> 0.011363636
A32: Totals | B32: =SUBTOTAL(109,Table1[No. of Appearences in Top 500]) -> 370 | D32: =SUBTOTAL(109,Table1[Wins]) -> 352 | E32: =SUBTOTAL(109,Table1[Loses]) -> 286 | F32: =SUBTOTAL(109,Table1[% Win Ratio]) -> 1
